 Dungeon Crawl Stone Soup version 0.31.0-11-ge490571c62 (webtiles) character file.

Game seed: 10874557977417227400

15585881 drock the Conqueror (level 27, 186/199 HPs)
             Began as a Gargoyle Gladiator on Feb 2, 2024.
             Was the Champion of the Shining One.
             Escaped with the Orb
             ... and 15 runes on Feb 3, 2024!
             The game lasted 10:56:55 (100359 turns).

drock the Conqueror (Gargoyle Gladiator)          Turns: 100359, Time: 10:56:56

Health: 186/199    AC: 66    Str: 32    XL:     27
Magic:  14/36      EV: 29    Int:  8    God:    the Shining One [******]
Gold:   11334      SH: 30    Dex: 37    Spells: 38/42 levels left

rFire   + + .        S - +9 eveningstar (holy)
rCold   + + +        B - +0 tower shield "Veomidgh" {Int+3 Dex+2 Slay+2}
rNeg    + + +        l - +12 gold dragon scales
rPois   ∞            p - +2 hat
rElec   +            W - scarf {rC+ rF+}
rCorr   +            c - +0 pair of fencer's gloves {Riposte Dex+3}
SInv    +            T - +1 pair of boots "Iffih" {Dex+6}
Will    +++++        e - amulet "Bafum" {Spirit rF- Will+++ Dex+5} Stlth
                     Q - ring "Olipseon" {rF+ rC+ Int-3 Dex+6 SInv}
HPRegen 0.00/turn    q - ring of the Salamander {Will+ rCorr Str+4 Int-3 Dex+6}
MPRegen 0.25/turn

%: clarity, guardian spirit
@: flying, inhibited regen, glowing, studying 3 skills
A: sickness immunity, AC +20, big wings, negative energy resistance 1,
electricity resistance, torment resistance 1, petrification resistance, clarity,
clumsy 1, low MP 1, inhibited regeneration, weak 1, devolution 1
0: Orb of Zot
}: 15/15 runes: decaying, slimy, silver, golden, iron, obsidian, icy, bone,
abyssal, demonic, glowing, magical, fiery, dark, gossamer
a: Renounce Religion, Divine Shield, Cleansing Flame, Summon Divine Warrior


You escaped.
You worshipped the Shining One.
The Shining One was exalted by your worship.
You visited 18 branches of the dungeon, and saw 88 of its levels.
You visited Pandemonium 1 time, and saw 10 of its levels.
You visited the Abyss 3 times.
You visited 1 ziggurat, and saw 8 of its levels.
You also visited: Trove and Ice Cave.

You collected 17140 gold pieces.
You spent 5806 gold pieces at shops.

Inventory:

Hand Weapons
 o - the +7 great mace "Undeadhunter" {deathbane, rN+}
   (You found it on level 7 of a ziggurat)

   rN+:       It protects you from negative energy.
 S - a +9 eveningstar of holy wrath (weapon)
Missiles
 d - a throwing net
 t - 6 darts of dispersal
 P - 16 silver javelins
Armour
 c - the +0 pair of fencer's gloves (worn) {Riposte Dex+3}
   (You bought it in a shop on level 1 of the Vaults)

   Riposte:   It allows the wearer to riposte with melee weapons, swiftly
   retaliating against missed or blocked melee attacks.
   Dex+3:     It affects your dexterity (+3).
 l - +12 gold dragon scales (worn)
 p - a +2 hat (worn)
 B - the +0 tower shield "Veomidgh" (worn) {Int+3 Dex+2 Slay+2}
   (You took it off a daeva in Pandemonium)

   Int+3:     It affects your intelligence (+3).
   Dex+2:     It affects your dexterity (+2).
   Slay+2:    It affects your accuracy & damage with ranged weapons and melee
   (+2).
 T - the +1 pair of boots "Iffih" (worn) {Dex+6}
   (You bought it in a shop on level 3 of the Depths)

   Dex+6:     It affects your dexterity (+6).
 W - a scarf of resistance (worn)
Jewellery
 e - the amulet "Bafum" (around neck) {Spirit rF- Will+++ Dex+5}
   (You found it in Pandemonium)

   [amulet of guardian spirit]

   Spirit:    It causes incoming damage to be divided between your reserves of
   health and magic.
   Dex+5:     It affects your dexterity (+5).
   rF-:       It makes you vulnerable to fire.
   Will+++:   It greatly increases your willpower.
 g - a ring of willpower
 j - a ring of protection from cold
 m - an amulet of reflection
 q - the ring of the Salamander (right hand) {Will+ rCorr Str+4 Int-3 Dex+6}
   (You found it in an ice cave)

   [ring of dexterity]

   Str+4:     It affects your strength (+4).
   Int-3:     It affects your intelligence (-3).
   Dex+6:     It affects your dexterity (+6).
   Will+:     It increases your willpower.
   rCorr:     It protects you from acid and corrosion.
 A - an amulet of regeneration
 Q - the ring "Olipseon" (left hand) {rF+ rC+ Int-3 Dex+6 SInv}
   (You found it on level 7 of Cocytus)

   [ring of dexterity]

   Int-3:     It affects your intelligence (-3).
   Dex+6:     It affects your dexterity (+6).
   rF+:       It protects you from fire.
   rC+:       It protects you from cold.
   SInv:      It lets you see invisible.
 U - the ring of Zojyi {rElec rPois EV+5 Dex+5 Stlth-}
   (You took it off a centaur on level 12 of the Dungeon)

   [ring of evasion]

   EV+5:      It affects your evasion (+5).
   Dex+5:     It affects your dexterity (+5).
   rElec:     It insulates you from electricity.
   rPois:     It protects you from poison Stlth-: It makes you less stealthy.
 X - a ring of willpower
Wands
 s - a wand of light (106)
 D - a wand of charming (9)
 J - a wand of iceblast (84)
 Y - a wand of digging (24)
 Z - a wand of mindburst (46)
Scrolls
 b - 5 scrolls of torment
 n - 11 scrolls of teleportation (quivered)
 u - 11 scrolls of fear
 v - 5 scrolls of silence
 w - 38 scrolls of identify
 y - 8 scrolls of immolation
 C - 2 scrolls of butterflies
 E - a scroll of vulnerability
 F - 4 scrolls of blinking
 I - 13 scrolls of poison
 L - 5 scrolls of fog
 M - 2 scrolls of revelation
Potions
 a - 9 potions of attraction
 f - 8 potions of cancellation
 h - 7 potions of berserk rage
 i - 5 potions of haste
 k - 6 potions of heal wounds
 r - 11 potions of enlightenment
 x - 11 potions of lignification
 z - 35 potions of curing
 H - 8 potions of might
 N - 2 potions of mutation
 O - 11 potions of ambrosia
 R - 4 potions of resistance
Miscellaneous
 G - a phial of floods
 K - a phantom mirror
 V - a figurine of a ziggurat


   Skills:
 O Level 27 Fighting
 - Level 18.3 Maces & Flails
 - Level 20.0 Throwing
 O Level 27 Armour
 + Level 20.2 Dodging
 - Level 25.1 Shields
 - Level 8.4 Spellcasting
 - Level 9.0 Translocations
 - Level 8.6 Air Magic
 O Level 27 Invocations
 + Level 21.2 Evocations


You had 38 spell levels left.
You knew the following spells:

 Your Spells              Type           Power      Damage    Failure   Level
a - Swiftness             Air            17%        N/A       9%          3
b - Apportation           Tloc           34%        N/A       2%          1

Your spell library contained the following spells:

 Spells                   Type           Power      Damage    Failure   Level
 Shock                    Conj/Air       40%        1d5       17%         1
 Momentum Strike          Conj/Tloc      20%        3d8       24%         2
 Manifold Assault         Tloc           17%        N/A       24%         4
 Passage of Golubria      Tloc           17%        N/A       24%         4
 Mercury Vapours          Alch/Air       20%        N/A       26%         2
 Static Discharge         Conj/Air       20%        3-4/arc   26%         2
 Vhi's Electric Charge    Tloc/Air       34%        N/A       26%         4
 Airstrike                Air            8%         2d(2-18)  28%         4
 Volatile Blastmotes      Fire/Tloc      20%        2d11      43%         3
 Mephitic Cloud           Conj/Alch/Air  7%         N/A       67%         3
 Magic Dart               Conj           12%        1d3       69%         1
 Necrotise                Necr           12%        1d4       69%         1
 Slow                     Hex            12%        N/A       69%         1
 Sting                    Conj/Alch      12%        1d3       69%         1
 Summon Small Mammal      Summ           12%        N/A       69%         1
 Call Imp                 Summ           6%         N/A       83%         2
 Ensorcelled Hibernation  Hex/Ice        6%         N/A       83%         2
 Jinxbite                 Hex            6%         N/A       83%         2
 Searing Ray              Conj           6%         2d4       83%         2
 Dimensional Bullseye     Hex/Tloc       5%         N/A       83%         4
 Iskenderun's Mystic Bla  Conj/Tloc      10%        2d4       83%         4
 Summon Lightning Spire   Summ/Air       10%        N/A       86%         4
 Call Canine Familiar     Summ           3%         N/A       96%         3
 Fugue of the Fallen      Necr           3%         N/A       96%         3
 Hailstorm                Conj/Ice       3%         3d5       96%         3
 Inner Flame              Hex/Fire       3%         N/A       96%         3
 Ozocubu's Armour         Ice            3%         N/A       96%         3
 Sigil of Binding         Hex            3%         N/A       96%         3
 Summon Ice Beast         Ice/Summ       3%         N/A       96%         3
 Tukima's Dance           Hex            3%         N/A       96%         3
 Dispersal                Tloc           8%         N/A       98%         6
 Arcjolt                  Conj/Air       5%         1d15      99%         5
 Silence                  Hex/Air        5%         N/A       99%         5
 Anguish                  Hex/Necr       1%         N/A       100%        4
 Animate Armour           Summ/Erth      6%         N/A       100%        4
 Cause Fear               Hex            1%         N/A       100%        4
 Dispel Undead            Necr           3%         3d7       100%        4
 Fulminant Prism          Conj/Alch      1%         3d5       100%        4
 Martyr's Knell           Necr/Summ      3%         N/A       100%        4
 Olgreb's Toxic Radiance  Alch           3%         N/A       100%        4
 Sticky Flame             Fire/Alch      3%         2d4       100%        4
 Summon Blazeheart Golem  Fire/Summ      3%         N/A       100%        4
 Alistair's Intoxication  Alch           2%         N/A       100%        5
 Borgnjor's Vile Clutch   Necr/Erth      1%         N/A       100%        5
 Fireball                 Conj/Fire      1%         3d3       100%        5
 Freezing Cloud           Conj/Ice/Air   3%         6-21      100%        5
 Irradiate                Conj/Alch      1%         3d12      100%        5
 Lee's Rapid Deconstruct  Erth           1%         3d4*      100%        5
 Metabolic Englaciation   Hex/Ice        1%         N/A       100%        5
 Summon Mana Viper        Hex/Summ       3%         N/A       100%        5
 Yara's Violent Unravell  Hex/Alch       1%         3d3       100%        5
 Bombard                  Conj/Erth      1%         9d1       100%        6
 Conjure Ball Lightning   Conj/Air       5%         3x3d6     100%        6
 Death Channel            Necr           1%         N/A       100%        6
 Eringya's Noxious Bog    Alch           1%         4d6       100%        6
 Plasma Beam              Fire/Air       5%         2x1d15    100%        6
 Sculpt Simulacrum        Ice/Alch       1%         N/A       100%        6
 Starburst                Conj/Fire      1%         6d3       100%        6
 Enfeeble                 Hex            1%         N/A       100%        7
 Malign Gateway           Summ/Tloc      5%         N/A       100%        7
 Monstrous Menagerie      Summ           1%         N/A       100%        7
 Summon Hydra             Summ           1%         N/A       100%        7
 Discord                  Hex            1%         N/A       100%        8
 Disjunction              Tloc           8%         N/A       100%        8
 Ignition                 Fire           1%         3d3       100%        8
 Lehudib's Crystal Spear  Conj/Erth      1%         10d2      100%        8
 Chain Lightning          Conj/Air       5%         3d6       100%        9
 Dragon's Call            Summ           1%         N/A       100%        9
 Fire Storm               Conj/Fire      1%         8d1       100%        9
 Polar Vortex             Ice            1%         N/A       100%        9
 Shatter                  Erth           1%         3d6*      100%        9
 Cigotuvi's Dreadful Rot  Necr/Alch/Air  Unusable   N/A       N/A         2
 Sublimation of Blood     Necr           Unusable   N/A       N/A         2

Dungeon Overview and Level Annotations

Branches:
Dungeon (15/15)            Temple (1/1) D:6            Lair (5/5) D:8
  Swamp (4/4) Lair:3       Spider (4/4) Lair:3        Slime (5/5) Lair:5
    Orc (2/2) D:12            Elf (3/3) Orc:2        Vaults (5/5) D:13
  Crypt (3/3) Vaults:3       Tomb (3/3) Crypt:3      Depths (4/4) D:15
   Hell (visited)             Dis (7/7) Hell            Geh (7/7) Hell
    Coc (7/7) Hell            Tar (7/7) Hell            Zot (5/5) Depths:4
  IceCv (visited)

Altars:
Ashenzari
Cheibriados
Dithmenos
Elyvilon
Fedhas
Gozag
Hepliaklqana
Kikubaaqudgha
Makhleb
Nemelex Xobeh
Okawaru
Qazlal
Ru
Sif Muna
Trog
Uskayaw
Vehumet
Wu Jian
Xom
Yredelemnul
Zin
The Shining One
Jiyva
Lugonu

Shops:
D:1 (   D:2 (?!   D:5 =*!   D:6 !   D:8 ?   D:11 (   D:12 *   D:13 :   D:14 (
Orc:2 (!*[   Elf:1 =((:?   Vaults:1 [?   Vaults:4 =   Depths:3 [([[
Depths:4 [[:?

Portals:
Hell: Depths:1 Depths:2 Depths:3 Depths:4
Abyss: Depths:1 Depths:3 Depths:4
Pandemonium: Depths:2 Depths:4

Annotations:
D:6 2 transporters
D:13 2 transporters, Iplucs's ghost, journeyman FeBe
Elf:1 20 runed translucent doors
Elf:2 5 runed translucent doors
Depths:1 3 runed translucent doors, sanka's ghost, journeyman TrMo
Depths:2 exclusion: glass eye


Innate Abilities, Weirdness & Mutations

You are immune to sickness and miasma.
Your stone body is resilient. (AC +20)
You are immune to poison.
Your large and strong wings let you fly.
You resist negative energy. (rN+)
You are resistant to electric shocks. (rElec)
You are resistant to unholy torment.
You are immune to petrification.
You possess an exceptional clarity of mind.
You are clumsy. (Dex -2)
Your magical capacity is low. (-10% MP)
You do not regenerate when monsters are visible.
You are weak. (Str -2)
You have hidden genetic defects.


Message History

You block the sun demon's attack.
You riposte.
You thump the sun demon!
The sun demon convulses!
The sun demon is heavily wounded.
You sock the sun demon!
The sun demon convulses.
The sun demon is severely wounded.
You impale the sun demon!!
You kill the sun demon!
The Shining One accepts your kill.
You completely miss the balrug. You block the balrug's attack.
You bludgeon the balrug!!
The balrug convulses!!
The balrug is heavily wounded.
The sun demon barely misses you. You block the balrug's attack.
You bludgeon the balrug!!
The balrug convulses!!!
You kill the balrug!
The Shining One accepts your kill. You block the sun demon's attack.
You impale the sun demon!!
The sun demon convulses!!!
You kill the sun demon!
The Shining One accepts your kill. You block the sun demon's attack.
You see here a +2 demon whip of draining.
You impale the sun demon!!
The sun demon convulses!!
You kill the sun demon!
The Shining One accepts your kill.
There is a stone staircase leading down here.
A neqoxec comes into view.
The neqoxec gestures at you. Something gnaws on your mind!
You feel your power leaking away.
You reach down and open the door.
There is an open door here.
The neqoxec gestures at you. Something gnaws on your mind!
You feel your power leaking away.
There is a staircase leading out of the dungeon here.
You can't go down here!
The neqoxec gestures at you. Something gnaws on your mind!
You feel your power leaking away.
You have escaped!

#.......################
.......................#
..........############.#
.......##.# ###### #.#
..#...###.# #....# #.# ..#####
#.###.##'# ###.# ..#
#.....##.###...#
..#######..####♣.~.##..#
..........>...'.@~.#...#
..#####.#)##3##♣.~.#...##########
..# #.#.##.# #.###..)†.........
..# #.#.##3###'# #...##########
..# #.#.##.##..# #...#
..#####.#.##.##.####...## #####
..........#.........)...###...##
.............######.....##.....##
........###.## #..#..#........


You could see a neqoxec.

Vanquished Creatures
  Cerebov (Pan)
  Asmodeus (Geh:7)
  the Royal Jelly (Slime:5)
  Ereshkigal (Tar:7)
  Gloorx Vloq (Pan)
  Lom Lobon (Pan)
  the Serpent of Hell (Dis:7)
  Frederick (Crypt:3)
  Dispater (Dis:7)
  5 dread liches
  Mara (Vaults:2)
  6 orbs of fire
  8 ancient liches
  12 juggernauts
  3 pandemonium lords
  14 royal mummies
  Bai Suzhen (Crypt:3)
  Xtahua (Crypt:3)
  Saint Roka (Vaults:3)
  7 shard shrikes
  Parghit (Depths:3)
  3 Killer Klowns (Zot:5)
  24 caustic shrikes
  7 golden dragons
  Jory (Depths:3)
  Nikola (Swamp:1)
  Geryon (Hell)
  Norris (Vaults:2)
  17 bone dragons
  9 profane servitors
  10 doom hounds
  9 Tzitzimimeh
  14 Brimstone Fiends
  2 electric golems (Zot:5)
  2 pearl dragons (Pan)
  15 iron giants
  2 shard shrike zombies
  13 hellephants
  20 tentacled monstrosities
  26 Orb Guardians
  25 Hell Sentinels
  A shard shrike skeleton (Crypt:2)
  24 Ice Fiends
  12 tainted leviathans
  6 deep elf blademasters
  9 quicksilver dragons
  10 liches
  26 titans
  27 searing wretches
  4 deep elf master archers
  Asterion (Vaults:2)
  41 acid blobs
  The ghost of dakkaduck the Slayer, an adept MiBe of Trog (Spider:4)
  18 ancient champions
  13 sphinxes
  8 tentacled starspawn (Abyss:3)
  20 Executioners
  Murray (Hell)
  9 tengu reavers (Vaults:5)
  8 death cobs
  A walking frostbound tome (Depths:3)
  Frances (Swamp:1)
  A thorn hunter (Swamp:2)
  Kirke (Swamp:1)
  11 rockslimes
  8 shadow dragons
  6 storm dragons
  8 azure jellies
  6 demonspawn warmongers
  2 revenants
  9 draconian monks
  5 protean progenitors
  2 fenstrider witches
  19 daevas
  2 nagarajas (Pan)
  28 fire giants
  8 draconian shifters
  6 narguns
  26 frost giants
  6 emperor scorpions
  14 quicksilver elementals
  7 draconian knights
  4 deep elf sorcerers
  19 vault wardens
  10 draconian scorchers
  5 ghost moths
  47 balrugs
  4 iron dragons
  A juggernaut zombie (Crypt:3)
  2 caustic shrike zombies
  2 deep elf elementalists (Elf:3)
  6 shard shrike simulacra
  22 ironbound preservers
  2 orc warlords
  5 ghouls
  24 angels (Pan)
  3 curse skulls
  12 cacodemons (Pan)
  2 spectral juggernauts
  15 quicksilver oozes
  25 stone giants
  18 reapers
  2 draconian annihilators
  3 caustic shrike skeletons
  14 ophanim (Pan)
  6 demonspawn blood saints (Pan)
  5 draconian stormcallers
  4 formless jellyfish
  8 broodmothers
  5 demonspawn corrupters (Pan)
  A spectral caustic shrike (Tar:3)
  16 very ugly things
  5 deep elf demonologists
  20 elemental wellsprings
  7 deep elf death magi
  11 green draconians
  6 ironbound thunderhulks
  12 bennus
  5 juggernaut skeletons
  4 eleionomae
  18 putrid mouths
  18 black draconians
  32 apis (Pan)
  11 vampire knights
  4 demonspawn black suns
  14 purple draconians
  6 lorocyprocas
  7 deep elf annihilators
  23 war gargoyles
  13 white draconians
  16 wendigos
  2 spark wasps
  4 red draconians
  18 yellow draconians
  11 dire elephants
  10 blizzard demons
  An acid blob zombie (Crypt:2)
  2 spectral titans
  27 mummy priests
  5 green deaths
  4 crystal guardians
  Snorg (Lair:4)
  9 jiangshi
  9 fire dragons
  2 shambling mangroves
  7 ettins
  14 iron golems
  5 eidola
  A quicksilver dragon zombie (Crypt:1)
  10 deep elf high priests
  14 yaktaur captains
  A merfolk impaler (Zig:5)
  5 entropy weavers
  3 salamander tyrants
  5 rakshasas
  4 spriggan zombies
  30 vault guards
  4 ghost crabs
  Josephine (Lair:4)
  3 spriggan skeletons
  9 ice dragons
  10 great orbs of eyes
  13 hydras
  Fannar (D:10)
  14 caustic shrike simulacra
  3 peacekeepers
  5 catoblepae
  5 jorogumos
  6 ogre magi
  5 juggernaut simulacra
  9 ironbound frosthearts
  A hell beast (D:15)
  16 alligators
  3 radroaches
  2 merfolk aquamancers
  2 spriggan air magi (Depths:4)
  4 death knights
  17 centaur warriors
  A fenstrider witch skeleton (Crypt:1)
  13 dancing weapons
  A spectral frost giant (Zig:4)
  A two-headed ogre (shapeshifter) (Zig:8)
  17 two-headed ogres
  33 hell hogs
  7 stokers
  An azure jelly zombie (Crypt:1)
  9 deep troll earth magi
  13 boulder beetles
  46 death scarabs
  9 deep troll shamans
  10 thrashing horrors (Abyss:3)
  4 tengu warriors
  13 vampire magi
  12 death yaks
  3 demonic crawlers
  6 spriggan berserkers
  A spectral dire elephant (Tar:3)
  6 wretched stars (Abyss:3)
  25 deep elf knights
  49 sun demons
  14 crystal echidnas
  8 pharaoh ants
  15 soul eaters
  2 titan skeletons (Crypt:3)
  Sonja (Lair:2)
  21 sixfirhies
  15 shadow wraiths
  31 skeletal warriors
  31 hell knights
  4 skysharks
  4 goliath frogs
  2 hellephant skeletons (Pan)
  9 iron trolls
  10 swamp dragons
  3 flayed ghosts
  A quicksilver dragon simulacrum (Coc:7)
  6 spriggan simulacra
  A death drake (Abyss:3)
  93 deep trolls
  3 mana vipers (Pan)
  A golden dragon zombie (Crypt:3)
  2 goliath frogs (shapeshifter)
  An anaconda zombie (Crypt:3)
  A spriggan druid (Swamp:1)
  A spatial maelstrom (Abyss:3)
  8 shadow demons
  8 orb spiders
  16 cherubim (Pan)
  7 arcanists
  8 glowing orange brains
  5 lindwurms
  2 orange crystal statues
  2 bunyip skeletons (Crypt:1)
  A bunyip zombie (Crypt:1)
  25 large abominations
  9 bog bodies
  15 deep elf archers
  5 sun moths
  18 necromancers
  20 ironbound convokers
  23 deep elf zephyrmancers
  6 orc knights
  23 deep elf pyromancers
  10 phantasmal warriors
  2 anaconda skeletons
  An iron dragon zombie (Tomb:2)
  9 wolf spider zombies (Spider:2)
  2 oklob plants (Zot:1)
  8 steelbarb worms
  2 orc sorcerers
  A harpy (Zig:5)
  40 ugly things
  6 spectral spriggans
  12 manticores
  A shining eye (shapeshifter) (Zig:8)
  5 will-o-the-wisps
  A cyclops (shapeshifter) (Crypt:1)
  5 shining eyes
  A salamander (Depths:1)
  An iron dragon skeleton (Crypt:3)
  A spectral centaur (Tar:2)
  2 worldbinders (Abyss:3)
  A meliai (shapeshifter) (Elf:3)
  15 elephants
  20 wolf spiders
  5 cyclopes
  A stone giant skeleton (Crypt:2)
  A spectral ettin (Tar:2)
  A mana viper zombie (Crypt:2)
  3 meliai (Spider:3)
  17 moths of wrath
  A water nymph (shapeshifter) (Zig:8)
  5 black mambas
  4 kobold blastminers (Orc:1)
  24 vault sentinels
  2 water nymphs (Zig:5)
  A guardian serpent (Abyss:3)
  3 apocalypse crabs
  3 titan simulacra
  An eye of devastation (Depths:2)
  3 gargoyles
  A dire elephant zombie (Abyss:3)
  14 smoke demons
  6 torpor snails
  2 centaur skeletons
  16 cane toads
  Maggie (D:10)
  A cane toad (shapeshifter) (D:12)
  6 storm dragon simulacra (IceCv)
  10 orange demons
  3 unseen horrors
  15 hellions
  10 efreet
  11 komodo dragons
  A kobold demonologist (D:11)
  11 rime drakes
  3 tengu conjurers
  4 iron giant simulacra
  7 anaconda simulacra
  17 tormentors
  11 freezing wraiths
  A bunyip simulacrum (Coc:1)
  4 ice devils
  49 guardian mummies
  8 golden dragon simulacra
  17 yaktaurs
  12 redback zombies (Spider:2)
  2 red devils (Hell)
  2 spectral harpies
  4 harpy zombies
  3 polar bears
  4 ancient zymes (Abyss:3)
  A silent spectre (Tar:7)
  8 trolls
  A merfolk (Zig:5)
  2 shadow dragon simulacra (Coc:1)
  21 hellwings
  A harpy skeleton (Tomb:3)
  8 tyrant leeches
  A wind drake (Zig:5)
  13 hornets
  6 tarantella zombies (Spider:2)
  18 blink frogs
  A fire dragon zombie (Crypt:3)
  8 glass eyes
  5 fire giant simulacra (Coc:4)
  24 tarantellas
  7 raiju (Abyss:3)
  A hydra skeleton (Tomb:2)
  10 stone giant simulacra
  4 culicivora zombies (Spider:2)
  90 slime creatures
  An ettin zombie (Crypt:3)
  2 centaur simulacra
  11 culicivoras
  16 jumping spiders
  22 ynoxinuls
  9 spriggans
  11 water elementals
  3 air elementals
  2 ettin skeletons
  15 wraiths
  5 shadows
  A hog (shapeshifter) (Elf:3)
  2 vampires
  A hog (Swamp:1)
  6 basilisks
  An alligator snapping turtle simulacrum (Coc:3)
  7 dire elephant simulacra
  An ice dragon skeleton (Crypt:1)
  4 fire elementals
  22 golden eyes
  A hornet (shapeshifter) (Vaults:5)
  A wyvern (Lair:4)
  Grum (D:10)
  3 steam dragons
  8 ushabtiu
  4 fire bats
  56 yaks
  15 starcursed masses (Abyss:3)
  3 wargs
  40 redbacks
  14 chaos spawn
  22 vampire mosquitoes
  4 spatial vortices (Abyss:3)
  15 harpy simulacra
  A skyshark zombie (Crypt:2)
  12 swamp worms
  10 neqoxecs
  3 naga zombies
  3 acid dragons
  3 hydra simulacra
  11 water moccasins
  8 hell hounds (Hell)
  3 swamp drakes (Swamp:4)
  14 orc warriors
  9 ice beasts
  4 black bears
  A black bear (shapeshifter) (D:13)
  An ice dragon simulacrum (IceCv)
  A sky beast (D:7)
  5 ettin simulacra
  54 laughing skulls
  31 ogres
  18 wolves
  3 boggarts (D:14)
  7 centaurs
  A phantom (Crypt:1)
  A hog skeleton (Crypt:1)
  4 weeping skulls (Abyss:3)
  3 brain worms (Abyss:3)
  A draconian zombie (Crypt:2)
  2 kobold brigands
  4 necrophages
  9 bullfrogs
  4 earth elementals
  3 scorpions
  5 small abominations
  2 naga simulacra
  18 wights
  16 killer bees
  A troll zombie (Crypt:1)
  7 lindwurm simulacra (IceCv)
  6 howler monkeys
  2 vampire bats (Lair:2)
  3 electric eels
  4 crimson imps (D:10)
  4 bombardier beetles
  4 quasits
  Crazy Yiuf (D:6)
  2 hounds
  21 jellies
  9 orc priests
  A human zombie (Crypt:1)
  An iron imp (Abyss:3)
  Natasha (thrice) (D:2)
  2 boggart zombies (Crypt:2)
  An iguana (D:5)
  18 orc wizards
  A basilisk skeleton (Crypt:1)
  5 human skeletons (Crypt:1)
  7 hell rats
  An ice beast zombie (Crypt:1)
  A naga skeleton (Crypt:1)
  A tengu skeleton (Crypt:2)
  52 mummies
  Robin (D:3)
  4 gnolls (D:4)
  A howler monkey skeleton (Crypt:2)
  5 adders
  3 white imps
  6 ufetubi
  5 ribbon worms
  4 dart slugs
  43 orcs
  12 bats
  5 endoplasms
  6 giant cockroaches
  15 hobgoblins
  17 jackals
  19 kobolds
  2 quokkas
  5 ball pythons
  7 frilled lizards
  13 goblins
  5 rats
  3 creeping infernos
  4 fire vortices
  A lurking horror (Abyss:3)
  9 starspawn tentacles (Abyss:3)
3973 creatures vanquished.

Vanquished Creatures (collateral kills)
  Antaeus (Coc:7)
  Mnoleg (Pan)
  2 pandemonium lords (Zig:8)
  A seraph (Pan)
  A Killer Klown (Zig:8)
  A shard shrike (Coc:6)
  3 iron giants (Dis:4)
  A Brimstone Fiend (Pan)
  4 Ice Fiends (Coc:7)
  3 Hell Sentinels
  A tainted leviathan (Tar:4)
  An Executioner (Pan)
  A protean progenitor (Pan)
  A nargun (Coc:7)
  A shard shrike simulacrum (Coc:6)
  3 balrugs
  3 reapers
  4 cacodemons (Pan)
  A juggernaut skeleton (Pan)
  2 demonspawn corrupters (Zig:7)
  A demonspawn blood saint (Pan)
  An apis (Pan)
  A demonspawn black sun (Pan)
  A spark wasp (Pan)
  A green death (Pan)
  A great orb of eyes (Pan)
  A spectral spriggan (Tar:4)
  3 boulder beetles (Dis:4)
  2 hell hogs (Geh:3)
  3 soul eaters (Pan)
  A spectral naga (Tar:4)
  2 shadow wraiths
  5 sun demons (Pan)
  2 skysharks (Pan)
  A sixfirhy (Pan)
  2 shadow demons (Pan)
  A cherub (Pan)
  A deep elf pyromancer (Pan)
  2 moths of wrath (Pan)
  A smoke demon (Pan)
  An eye of devastation (Pan)
  A rust devil (Pan)
  4 orange demons (Pan)
  An iron giant simulacrum (Coc:7)
  3 ynoxinuls (Pan)
  A golden eye (Pan)
  3 chaos spawn
  6 neqoxecs (Pan)
89 creatures vanquished.

Vanquished Creatures (others)
  An eldritch tentacle (Pan)
  2 draconian knights
  2 fire giants
  A demonspawn blood saint (D:5)
  A radroach (Spider:4)
  2 caustic shrike simulacra
  An alligator (Swamp:4)
  A rakshasa (Pan)
  A juggernaut simulacrum (Coc:5)
  2 quicksilver dragon simulacra
  2 spriggan simulacra (Coc:7)
  A harpy (shapeshifter) (Vaults:5)
  A deep elf zephyrmancer (Elf:3)
  A deep elf pyromancer (Elf:1)
  A wolf spider (Spider:4)
  A smoke demon (Pan)
  An anaconda simulacrum (Coc:5)
  4 bloated husks
  A stone giant simulacrum (Zig:2)
  A jumping spider (Spider:4)
  A centaur simulacrum (Coc:2)
  A culicivora (Spider:3)
  A spriggan (Zig:3)
  2 humans (Swamp:1)
  A golden eye (Pan)
  A chaos spawn (Pan)
  2 harpy simulacra
  A small abomination (Abyss:3)
  A boggart (Vaults:2)
  A jelly (Zot:1)
  A hell rat (Hell)
  6 ball lightnings (Pan)
  5 creeping infernos
  20 foxfires
  A lurking horror (Abyss:3)
  12 starspawn tentacles (Abyss:3)
85 creatures vanquished.

Grand Total: 4147 creatures vanquished

Notes
Turn   | Place    | Note
-------+----------+-------------------------------------------
     0 | D:1      | drock the Gargoyle Gladiator began the quest for the Orb.
     0 | D:1      | Reached XP level 1. HP: 12/12 MP: 1/1
    78 | D:1      | Reached XP level 2. HP: 16/18 MP: 2/2
   355 | D:1      | Found Atwodon's Weapon Boutique.
   450 | D:1      | Reached XP level 3. HP: 22/22 MP: 3/3
   784 | D:2      | Found Tuinweat's Distillery.
   954 | D:2      | Noticed Natasha
   958 | D:2      | Reached XP level 4. HP: 20/27 MP: 4/4
   966 | D:2      | Killed Natasha
   979 | D:2      | Noticed Natasha
   997 | D:2      | Killed Natasha
  1108 | D:2      | Noticed Natasha
  1147 | D:2      | Killed Natasha
  1148 | D:2      | Reached XP level 5. HP: 16/32 MP: 5/5
  1500 | D:2      | Found Lutyzur's Magic Scroll Emporium.
  1506 | D:2      | Bought a scroll of teleportation for 36 gold pieces
  1506 | D:2      | Bought a scroll of identify for 24 gold pieces
  1520 | D:2      | Found Quaffyu's Antique Weapon Boutique.
  1656 | D:3      | Noticed Robin
  1697 | D:3      | Killed Robin
  2267 | D:4      | Noticed an ice beast
  2268 | D:4      | an ice beast changed into a water moccasin
  2268 | D:4      | Noticed a water moccasin
  2285 | D:4      | Killed a water moccasin
  2286 | D:4      | Reached XP level 6. HP: 34/38 MP: 6/6
  2735 | D:5      | Entered Level 5 of the Dungeon
  2735 | D:5      | Found Siaqiyf's Jewellery Shop.
  2806 | D:5      | Reached XP level 7. HP: 3/44 MP: 7/7
  3132 | D:5      | Found Qikatiyl's General Store.
  3175 | D:5      | Bought a scroll of identify for 22 gold pieces
  3298 | D:5      | Reached skill level 5 in Maces & Flails
  3682 | D:5      | Found Owkuz's Distillery.
  3687 | D:5      | Bought a potion of curing for 33 gold pieces
  4042 | D:6      | Reached skill level 5 in Fighting
  4096 | D:6      | Reached XP level 8. HP: 49/49 MP: 8/8
  4114 | D:6      | Found a staircase to the Ecumenical Temple.
  4173 | Temple   | Entered the Ecumenical Temple
  4195 | Temple   | Became a worshipper of Warmaster Okawaru
  4273 | D:6      | Found a transporter.
  4273 | D:6      | Found Kunuskaz's Distillery.
  4275 | D:6      | You fall into a shaft and drop 1 floor!
  4503 | D:7      | Noticed a shadow
  4528 | D:7      | Killed a shadow
  4626 | D:7      | Reached * piety under Okawaru
  4627 | D:7      | Reached skill level 5 in Throwing
  4677 | D:7      | Reached skill level 5 in Dodging
  4740 | D:7      | Reached skill level 1 in Armour
  4862 | D:7      | Reached XP level 9. HP: 56/56 MP: 9/9
  5067 | D:2      | Bought a potion of heal wounds for 55 gold pieces
  5177 | D:4      | Reached ** piety under Okawaru
  5852 | D:8      | Noticed a rime drake
  5909 | D:8      | Noticed a two-headed ogre
  5918 | D:8      | Killed a two-headed ogre
  5918 | D:8      | Reached *** piety under Okawaru
  6091 | D:8      | Reached XP level 10. HP: 64/64 MP: 10/10
  6279 | D:8      | Found a basalt altar of Yredelemnul.
  6302 | D:8      | Found a staircase to the Lair.
  6336 | D:8      | Reached skill level 5 in Armour
  6403 | D:8      | Reached **** piety under Okawaru
  6467 | D:8      | Found a shadowy altar of Dithmenos.
  6496 | D:8      | Found a sparkling altar of Nemelex Xobeh.
  6568 | D:8      | Found Vyjazo's Magic Scroll Shoppe.
  6571 | D:8      | Bought a scroll of identify for 20 gold pieces
  6571 | D:8      | Bought a scroll of blinking for 75 gold pieces
  6877 | D:8      | Reached skill level 1 in Invocations
  7708 | D:6      | Found a stormy altar of Qazlal.
  7774 | D:6      | Found a transporter.
  7863 | D:6      | Found a runed translucent door.
  7864 | D:6      | Noticed Crazy Yiuf
  7929 | D:6      | Killed Crazy Yiuf
  8253 | D:6      | Identified the -2 pair of boots of Zoruj {Harm *Slow rElec
                  | rN+++}
  8467 | D:9      | Noticed a sixfirhy
  8481 | D:9      | Killed a sixfirhy
  8612 | D:9      | Noticed a sixfirhy
  8619 | D:9      | Killed a sixfirhy
  8737 | D:9      | Found a shimmering blue altar of Sif Muna.
  8756 | D:9      | Reached XP level 11. HP: 68/71 MP: 13/13
  8778 | D:9      | Noticed a sun demon
  8786 | D:9      | Killed a sun demon
  8786 | D:9      | Reached ***** piety under Okawaru
  9104 | D:9      | Reached skill level 5 in Invocations
  9388 | D:9      | Found an ancient bone altar of Kikubaaqudgha.
  9398 | D:9      | Noticed a sun demon
  9412 | D:10     | Entered Level 10 of the Dungeon
  9437 | D:10     | Noticed Grum
  9468 | D:10     | Noticed Fannar
  9493 | Lair:1   | Entered Level 1 of the Lair of Beasts
  9595 | Lair:1   | Noticed a death yak
  9614 | Lair:1   | Reached skill level 10 in Fighting
  9734 | Lair:1   | Noticed a death yak
  9735 | Lair:1   | Noticed a death yak
  9886 | Lair:1   | Noticed a catoblepas
  9896 | Lair:1   | Killed a catoblepas
 10714 | Lair:2   | Received a gift from Okawaru
 10715 | Lair:2   | Reached skill level 10 in Maces & Flails
 10775 | Lair:2   | Reached XP level 12. HP: 37/79 MP: 15/17
 11227 | Lair:2   | Noticed Sonja
 11232 | Lair:2   | Killed Sonja
 11908 | Lair:2   | Received a gift from Okawaru
 12452 | Lair:3   | Reached skill level 10 in Armour
 12468 | Lair:3   | Learned a level 3 spell: Swiftness
 12492 | Lair:3   | Received a gift from Okawaru
 12742 | Lair:3   | Found a staircase to the Swamp.
 12761 | Lair:3   | Reached ****** piety under Okawaru
 12762 | Lair:3   | Reached skill level 1 in Shields
 12772 | Lair:3   | Acquired a +1 eveningstar of venom
 12772 | Lair:3   | Received a gift from Okawaru
 12775 | Lair:3   | Acquired +1 pearl dragon scales
 12775 | Lair:3   | Received a gift from Okawaru
 12932 | Lair:3   | Reached XP level 13. HP: 86/86 MP: 19/19
 12964 | Lair:3   | Found a hole to the Spider Nest.
 13099 | Lair:3   | Received a gift from Okawaru
 13270 | Lair:4   | Noticed Josephine
 13614 | Lair:4   | Killed Josephine
 13615 | Lair:4   | Received a gift from Okawaru
 13957 | D:8      | Bought a scroll of enchant armour for 75 gold pieces
 13957 | D:8      | Bought a scroll of fear for 40 gold pieces
 13957 | D:8      | Bought a scroll of fog for 40 gold pieces
 13957 | D:8      | Bought a scroll of teleportation for 30 gold pieces
 14090 | Lair:4   | Noticed Snorg
 14113 | Lair:4   | Killed Snorg
 14384 | Lair:4   | Received a gift from Okawaru
 14513 | Lair:4   | Gained mutation: Your large and strong wings let you fly.
                  | [Gargoyle growth]
 14513 | Lair:4   | Reached XP level 14. HP: 56/94 MP: 18/21
 14804 | Lair:5   | Entered Level 5 of the Lair of Beasts
 15134 | Lair:5   | Found a staircase to the Slime Pits.
 15162 | Lair:5   | Reached skill level 5 in Shields
 15343 | Lair:5   | Reached skill level 10 in Invocations
 15361 | Lair:5   | Received a gift from Okawaru
 15986 | Lair:5   | Received a gift from Okawaru
 16083 | Lair:5   | Identified the +0 ring mail of Makhleb's Castigation
                  | {Int+6}
 16084 | Lair:5   | Identified the +5 short sword of Attainder {flame, SInv}
 16427 | D:10     | Noticed Maggie
 16441 | D:10     | Killed Maggie
 16447 | D:10     | Killed Fannar
 16480 | D:10     | Killed Grum
 16556 | D:10     | Found a shimmering altar of Xom.
 16628 | D:10     | Found a burning altar of Makhleb.
 16629 | D:10     | Noticed a cacodemon
 16927 | D:10     | Found a glowing golden altar of the Shining One.
 16980 | D:11     | Found Feol's Antique Weapon Shoppe.
 17140 | D:11     | Reached skill level 15 in Fighting
 17189 | D:11     | Received a gift from Okawaru
 17720 | D:12     | Found a staircase to the Orcish Mines.
 17884 | D:12     | Reached XP level 15. HP: 103/103 MP: 22/22
 17895 | D:12     | Found Saogiesu's General Store.
 18130 | D:12     | Identified the ring of Zojyi {rElec rPois EV+5 Dex+5
                  | Stlth-}
 18151 | D:12     | Received a gift from Okawaru
 18481 | D:12     | Found a portal to a secret trove of treasure.
 18644 | D:12     | Identified the ring "Ditsae" {rF- rC+ rCorr Dex+4}
 18647 | D:12     | Identified the ring of Zennal {Fly MP+9 Str-5 Int+3}
 18665 | D:12     | Identified the amulet "Tehuxzut" {RegenMP Harm Str+3 Dex-3}
 18740 | Orc:1    | Entered Level 1 of the Orcish Mines
 18740 | Orc:1    | Noticed an orc warlord
 18871 | D:12     | Killed an orc warlord
 19430 | Orc:2    | Entered Level 2 of the Orcish Mines
 19615 | Orc:2    | Found a staircase to the Elven Halls.
 19690 | Orc:2    | Received a gift from Okawaru
 20003 | Orc:2    | Found Pacefrim's General Store.
 20004 | Orc:2    | Found Nuonnuwi's Weapon Emporium.
 20005 | Orc:2    | Found Kidowol's Distillery.
 20005 | Orc:2    | Found Waguusad's Antique Armour Shoppe.
 20152 | Orc:2    | Bought a glowing cloak for 210 gold pieces
 20152 | Orc:2    | Bought a glowing scarf for 224 gold pieces
 20163 | Orc:2    | Bought a potion of mutation for 136 gold pieces
 20163 | Orc:2    | Bought a potion of resistance for 170 gold pieces
 20377 | Orc:1    | Received a gift from Okawaru
 20707 | Spider:1 | Entered Level 1 of the Spider Nest
 20713 | Spider:1 | Noticed an emperor scorpion
 20727 | Spider:1 | Killed an emperor scorpion
 21162 | Spider:1 | Reached XP level 16. HP: 99/111 MP: 23/23
 21199 | Spider:2 | Identified the amulet of Tonoecs {-Tele Regen+ Str+6}
 21485 | Spider:1 | Received a gift from Okawaru
 22121 | Spider:2 | Received a gift from Okawaru
 22610 | Spider:3 | Reached skill level 15 in Armour
 22928 | Spider:3 | Received a gift from Okawaru
 23718 | Spider:4 | Entered Level 4 of the Spider Nest
 23731 | Spider:3 | Reached skill level 10 in Shields
 23898 | Spider:4 | Identified the ring of Jetellosu {Fire Str+2 Dex+2}
 24028 | Spider:4 | Received a gift from Okawaru
 24065 | Spider:4 | Reached XP level 17. HP: 118/119 MP: 24/24
 24410 | Spider:4 | Got the Discourse on Reformation and the Geodesic
 24993 | Spider:4 | Received a gift from Okawaru
 25646 | Spider:4 | Identified the orb of Starshine {*Rage, Str+4 Int+7 Dex-2}
 25649 | Spider:4 | Got a gossamer rune of Zot
 25655 | Spider:4 | Identified the orb of Death Resistance {*channel, Harm
                  | Dex+4}
 25866 | Swamp:1  | Entered Level 1 of the Swamp
 25962 | Swamp:1  | Noticed Kirke
 25994 | Swamp:1  | Killed Kirke
 26000 | Swamp:1  | Noticed Nikola
 26017 | Swamp:1  | Killed Nikola
 26033 | Swamp:1  | Noticed Frances
 26247 | Swamp:1  | Killed Frances
 26340 | Swamp:1  | Received a gift from Okawaru
 27705 | Swamp:2  | Received a gift from Okawaru
 28435 | Swamp:3  | Reached XP level 18. HP: 102/128 MP: 25/25
 28533 | Swamp:3  | Reached skill level 15 in Maces & Flails
 28895 | Swamp:3  | Received a gift from Okawaru
 29088 | Swamp:4  | Entered Level 4 of the Swamp
 29660 | Swamp:4  | Received a gift from Okawaru
 29914 | Swamp:4  | Got a decaying rune of Zot
 30191 | D:13     | Found a gate to the Vaults.
 30605 | D:13     | Found Dulel's Book Boutique.
 30625 | D:13     | Found a transporter.
 30625 | D:13     | Found a transporter.
 30633 | D:13     | Noticed Iplucs's ghost (journeyman FeBe)
 30668 | D:13     | Identified a scroll of acquirement
 30671 | D:13     | Learned a level 1 spell: Apportation
 30671 | D:13     | Acquired the +2 pair of gloves "Hero's Friend" {Dex+4
                  | Slay+2}
 31597 | D:14     | Found Atixzy's Antique Weapon Shoppe.
 31635 | D:14     | Received a gift from Okawaru
 31761 | D:14     | Found an ornate altar of the Wu Jian Council.
 31834 | D:15     | Entered Level 15 of the Dungeon
 32918 | D:15     | Found a staircase to the Depths.
 33027 | Vaults:1 | Entered Level 1 of the Vaults
 33154 | Vaults:1 | Received a gift from Okawaru
 33189 | Vaults:1 | Reached XP level 19. HP: 104/136 MP: 20/26
 33388 | Vaults:1 | Found Hukoh's Magic Scroll Shoppe.
 33424 | Vaults:1 | Found Sytem's Armour Shoppe.
 33557 | Vaults:1 | Identified the +1 hand axe "Bafim" {spect, Dex+2}
 33562 | Vaults:1 | Bought a +2 helmet of see invisible for 365 gold pieces
 33853 | Vaults:1 | Received a gift from Okawaru
 34504 | Vaults:1 | Received a gift from Okawaru
 35834 | Vaults:2 | Received a gift from Okawaru
 36046 | Vaults:2 | Noticed Norris
 36093 | Vaults:2 | Killed Norris
 36585 | Vaults:2 | Noticed Mara
 36588 | Vaults:2 | Noticed drock's illusion
 36754 | Vaults:2 | Reached XP level 20. HP: 123/144 MP: 28/28
 36856 | Vaults:2 | Received a gift from Okawaru
 37204 | Vaults:2 | Noticed Asterion
 37215 | Vaults:2 | Gained mutation: Your muscles are strong. (Str +4, Int/Dex
                  | -1) [a cacodemon]
 37216 | Vaults:2 | Gained mutation: You sometimes lose your temper in combat.
                  | [a cacodemon]
 37217 | Vaults:2 | Killed Asterion
 37815 | Vaults:2 | Noticed drock's illusion
 37817 | Vaults:2 | Killed Mara
 38368 | Vaults:3 | Noticed Saint Roka
 38407 | Vaults:3 | Received a gift from Okawaru
 38513 | Vaults:3 | Killed Saint Roka
 38721 | Vaults:3 | Lost mutation: Your muscles are strong. (Str +4, Int/Dex
                  | -1) [potion of mutation]
 38721 | Vaults:3 | Lost mutation: You sometimes lose your temper in combat.
                  | [potion of mutation]
 38721 | Vaults:3 | Gained mutation: Your muscles are strong. (Str +4, Int/Dex
                  | -1) [potion of mutation]
 38721 | Vaults:3 | Gained mutation: You have hidden genetic potential. [potion
                  | of mutation]
 39358 | D:5      | Bought an amulet of reflection for 360 gold pieces
 39719 | Vaults:3 | Reached skill level 1 in Spellcasting
 39725 | Vaults:2 | Reached skill level 1 in Air Magic
 39904 | Vaults:3 | Received a gift from Okawaru
 40297 | Vaults:3 | Found a staircase to the Crypt.
 40297 | Vaults:3 | Found a basalt altar of Yredelemnul.
 40298 | Vaults:3 | Found an ancient bone altar of Kikubaaqudgha.
 40818 | Vaults:3 | Received a gift from Okawaru
 41111 | Vaults:4 | Identified the +1 ring mail of Kiannor {rF+}
 41175 | Vaults:4 | Reached XP level 21. HP: 108/152 MP: 30/30
 42047 | Vaults:4 | Found Peronnuz's Jewellery Boutique.
 42081 | Vaults:4 | Received a gift from Okawaru
 43389 | Elf:1    | Entered Level 1 of the Elven Halls
 43412 | Elf:1    | Found Fujatwur's Weapon Emporium.
 43503 | Elf:1    | Paralysed by an air elemental for 1 turns
 43523 | Elf:1    | Found Joafau's Jewellery Shop.
 43532 | Elf:1    | Found Cothrel's Book Boutique.
 43778 | Elf:1    | Received a gift from Okawaru
 44062 | Elf:1    | Found a huge runed translucent gate.
 44064 | Elf:1    | Found a huge runed translucent gate.
 44065 | Elf:1    | Found a huge runed translucent gate.
 44065 | Elf:1    | Found a huge runed translucent gate.
 44066 | Elf:1    | Found a huge runed translucent gate.
 44067 | Elf:1    | Found a huge runed translucent gate.
 44067 | Elf:1    | Found a huge runed translucent gate.
 44067 | Elf:1    | Found a huge runed translucent gate.
 44067 | Elf:1    | Found a huge runed translucent gate.
 44067 | Elf:1    | Found a huge runed translucent gate.
 44067 | Elf:1    | Found a huge runed translucent gate.
 44068 | Elf:1    | Found a huge runed translucent gate.
 44068 | Elf:1    | Found a huge runed translucent gate.
 44068 | Elf:1    | Found a huge runed translucent gate.
 44068 | Elf:1    | Found a huge runed translucent gate.
 44068 | Elf:1    | Found a huge runed translucent gate.
 44068 | Elf:1    | Found a huge runed translucent gate.
 44069 | Elf:1    | Found a huge runed translucent gate.
 44069 | Elf:1    | Found a huge runed translucent gate.
 44069 | Elf:1    | Found a huge runed translucent gate.
 44236 | Elf:1    | Found Qunneg's Magic Scroll Shoppe.
 44246 | Elf:1    | Bought a scroll of fog for 56 gold pieces
 44246 | Elf:1    | Bought a scroll of revelation for 105 gold pieces
 44246 | Elf:1    | Bought a scroll of fear for 56 gold pieces
 44246 | Elf:1    | Bought a scroll of enchant armour for 105 gold pieces
 44475 | Elf:1    | Found Busheg's Antique Weapon Shoppe.
 44711 | Elf:2    | Found a glacial archway.
 44731 | Elf:2    | Reached skill level 5 in Spellcasting
 44805 | IceCv    | Entered an ice cave
 44837 | IceCv    | Reached skill level 15 in Shields
 45120 | IceCv    | Identified the amulet of Hospitality {Regen+ Stlth+}
 45125 | IceCv    | Identified the ring of the Salamander {Will+ rCorr Str+4
                  | Int-3 Dex+6}
 45132 | IceCv    | Identified the amulet of the Wary People {Acrobat -Cast
                  | Str+3 Slay+3 SInv}
 45297 | Elf:2    | Got the Directory of Chilly Ensorcelling
 45555 | Elf:2    | Identified the +0 plate armour of the Nice God {rC+ Int-4
                  | SInv}
 45806 | Elf:2    | Found a huge runed translucent gate.
 45806 | Elf:2    | Found a huge runed translucent gate.
 45806 | Elf:2    | Found a huge runed translucent gate.
 45806 | Elf:2    | Found a huge runed translucent gate.
 45808 | Elf:2    | Found a huge runed translucent gate.
 45838 | Elf:3    | Entered Level 3 of the Elven Halls
 46005 | Elf:3    | Received a gift from Okawaru
 46006 | Elf:3    | Reached skill level 5 in Air Magic
 46183 | Elf:3    | Paralysed by an air elemental for 1 turns
 46692 | Elf:3    | Reached XP level 22. HP: 134/160 MP: 32/32
 47057 | Elf:3    | Identified the +5 morningstar of the Grinning Rat {venom,
                  | Int+3}
 47057 | Elf:3    | Identified the ring "Warie" {rPois EV+5}
 47259 | Elf:3    | Identified the +1 flail of the Harvest {venom, Str+4 SInv}
 47270 | Elf:3    | Received a gift from Okawaru
 47342 | Abyss:3  | Cast into level 3 of the Abyss (a deep elf sorcerer)
 47362 | Elf:3    | Escaped the Abyss
 47406 | Elf:3    | Identified the +2 leather armour of the Equator {rN+++
                  | Regen+ MP+9 Dex-3}
 47442 | Elf:3    | Identified the +1 demon trident "Tuschuoll" {freeze, Str+2
                  | Int+2}
 47584 | Elf:3    | Identified the staff "Earthworm" {rN+ Will+ Necro}
 47951 | D:13     | Bought a manual of Shields for 1200 gold pieces
 48169 | Spider:3 | Lost mutation: Your muscles are strong. (Str +4, Int/Dex
                  | -1) [mutagenic glow]
 48241 | Spider:4 | Noticed dakkaduck's ghost (adept MiBe)
 48245 | Spider:4 | Found a transporter.
 48269 | Spider:4 | Found a transporter.
 48749 | Depths:1 | Entered Level 1 of the Depths
 48991 | D:15     | Gained mutation: Your flesh is cold resistant. (rC+)
                  | [hidden potential]
 49412 | Depths:1 | Reached skill level 1 in Translocations
 49505 | Depths:1 | Found a one-way gate to the infinite horrors of the Abyss.
 49610 | Depths:1 | Identified the +3 ring mail of Tywumm {Str+3 Dex+4}
 49631 | Depths:1 | Found a runed translucent gate.
 49631 | Depths:1 | Found a runed translucent gate.
 49631 | Depths:1 | Found a runed translucent gate.
 49634 | Depths:1 | Noticed sanka's ghost (journeyman TrMo)
 49774 | Depths:1 | Found a gateway to Hell.
 50007 | Depths:1 | Received a gift from Okawaru
 50033 | Depths:1 | Found a viscous altar of Jiyva.
 50115 | Depths:2 | Got the Atlas of Pollution and Attendants
 50631 | Depths:2 | Found a one-way gate leading to the halls of Pandemonium.
 51031 | Depths:2 | Found a one-way gateway to a ziggurat.
 51327 | Vaults:1 | Bought the +0 pair of fencer's gloves {Riposte Dex+3} for
                  | 680 gold pieces
 51327 | Vaults:1 | Found the +0 pair of fencer's gloves {Riposte Dex+3}
 52580 | Depths:3 | Noticed Parghit
 52608 | Depths:3 | Killed Parghit
 52633 | Depths:3 | Found Bicem's Armour Shop.
 52726 | Depths:3 | Found a corrupted altar of Lugonu.
 52808 | Depths:3 | Received a gift from Okawaru
 52820 | Depths:3 | Reached XP level 23. HP: 155/168 MP: 34/34
 52823 | Depths:3 | Noticed Jory
 52847 | Depths:3 | Killed Jory
 52862 | Depths:3 | Reached skill level 15 in Invocations
 53308 | Depths:3 | Found Wike's Weapon Boutique.
 53310 | Depths:3 | Found Koskaynk's Antique Armour Shop.
 53312 | Depths:3 | Found Ofar's Armour Boutique.
 53701 | Depths:3 | Bought a pair of warped boots for 370 gold pieces
 53701 | Depths:3 | Identified the +1 pair of boots "Iffih" {Dex+6} (You bought
                  | it in a shop on level 3 of the Depths)
 53820 | Depths:3 | Noticed a caustic shrike
 53826 | Depths:3 | Noticed a caustic shrike
 53830 | Depths:3 | Noticed a golden dragon
 53833 | Depths:3 | Killed a caustic shrike
 53835 | Depths:3 | Noticed a caustic shrike
 53842 | Depths:3 | Noticed a caustic shrike
 53849 | Depths:3 | Killed a caustic shrike
 53858 | Depths:3 | Killed a golden dragon
 53859 | Depths:3 | Noticed a caustic shrike
 53864 | Depths:3 | Killed a caustic shrike
 53873 | Depths:3 | Killed a caustic shrike
 53886 | Depths:3 | Killed a caustic shrike
 53898 | Depths:3 | Received a gift from Okawaru
 53903 | Depths:3 | Gained mutation: You have supernaturally acute eyesight.
                  | (SInv) [hidden potential]
 53903 | Depths:3 | Lost mutation: You have hidden genetic potential. [hidden
                  | potential expressed]
 54293 | Depths:4 | Entered Level 4 of the Depths
 54506 | Depths:3 | Reached skill level 5 in Translocations
 54554 | Depths:3 | Received a gift from Okawaru
 54869 | Depths:4 | Reached skill level 10 in Throwing
 54967 | Depths:4 | Found Nur Ikoll's Armour Shop.
 54967 | Depths:4 | Found Xafilyr's Book Shoppe.
 54975 | Depths:4 | Found Oschak's Antique Armour Shop.
 54975 | Depths:4 | Found Zeuteid's Magic Scroll Shoppe.
 55076 | Depths:4 | Noticed a golden dragon
 55084 | Depths:4 | Killed a golden dragon
 55218 | Depths:4 | Found a gate to the Realm of Zot.
 55330 | Depths:4 | Received a gift from Okawaru
 55413 | Depths:4 | Noticed a golden dragon
 55425 | Depths:4 | Killed a golden dragon
 55745 | Vaults:5 | Entered Level 5 of the Vaults
 55745 | Vaults:5 | Noticed an ancient lich
 55748 | Vaults:5 | Noticed an ancient lich
 55758 | Vaults:5 | Killed an ancient lich
 55779 | Vaults:5 | Reached XP level 24. HP: 147/177 MP: 33/34
 56004 | Vaults:5 | Found the +8 demon trident "Rift" {distort, reach+}
 56203 | Vaults:5 | Received a gift from Okawaru
 56322 | Vaults:5 | Identified the ring of Giguff {Fly rF- EV+5 Str+2 Int+3}
 56486 | Vaults:5 | Paralysed by a sphinx for 4 turns
 56531 | Vaults:5 | Identified the +1 trident "Killer Bee's Death" {protect,
                  | rPois Str+2 SInv}
 56557 | Vaults:5 | Identified the +2 leather armour of Janoziat {*Slow Str+8}
 56598 | Vaults:5 | Killed an ancient lich
 57049 | Vaults:5 | Identified the +0 leather armour "Diasimaz" {Harm *Slow rF+
                  | Str+6}
 57073 | Vaults:5 | Got a silver rune of Zot
 57204 | Vaults:5 | Identified the +1 hat "Kedazut" {+Blink}
 57211 | Vaults:5 | Received a gift from Okawaru
 57523 | Vaults:5 | Identified the +7 trident of Dishonour {venom, rC+ rN+
                  | Str-2 SInv}
 57524 | Vaults:5 | Identified the staff "Xympilij" {*Slow rPois rF+ rC++ Necro
                  | Fire}
 57530 | Vaults:5 | Identified the +4 long sword of the Beast {freeze, SInv}
 58249 | Depths:1 | Voluntarily entered the Abyss.
 58258 | Abyss:3  | Found a corrupted altar of Lugonu.
 58582 | Abyss:3  | Found a corrupted altar of Lugonu.
 58610 | Abyss:3  | Gained mutation: Your body sometimes deteriorates upon
                  | taking damage. [a neqoxec]
 58634 | Abyss:3  | Received a gift from Okawaru
 58666 | Abyss:3  | Reached XP level 25. HP: 185/185 MP: 35/35
 58722 | Abyss:3  | Reached skill level 27 in Fighting
 58980 | Abyss:3  | Found a corrupted altar of Lugonu.
 58991 | Abyss:3  | Found a runed translucent gate.
 58992 | Abyss:3  | Found a runed translucent gate.
 58993 | Abyss:3  | Found a runed translucent gate.
 59023 | Abyss:3  | Found a corrupted altar of Lugonu.
 59108 | Abyss:3  | Found a corrupted altar of Lugonu.
 59130 | Abyss:3  | Got an abyssal rune of Zot
 59150 | Abyss:3  | Paralysed by accursed screaming for 1 turns
 59154 | Abyss:3  | Paralysed by accursed screaming for 2 turns
 59253 | Abyss:3  | Received a gift from Okawaru
 59352 | Depths:1 | Escaped the Abyss
 59629 | D:2      | Bought a scroll of butterflies for 48 gold pieces
 59629 | D:2      | Bought a scroll of revelation for 90 gold pieces
 59629 | D:2      | Bought a scroll of blinking for 90 gold pieces
 59629 | D:2      | Bought a scroll of fear for 48 gold pieces
 59755 | D:8      | Bought a scroll of teleportation for 30 gold pieces
 59931 | Vaults:1 | Bought a scroll of teleportation for 51 gold pieces
 59931 | Vaults:1 | Bought a scroll of fear for 68 gold pieces
 59931 | Vaults:1 | Bought a scroll of teleportation for 51 gold pieces
 59931 | Vaults:1 | Bought a scroll of teleportation for 51 gold pieces
 60210 | Slime:1  | Entered Level 1 of the Pits of Slime
 60851 | Slime:5  | Entered Level 5 of the Pits of Slime
 60928 | Slime:5  | Found the ring of Shadows {Umbra +Inv Stlth+}
 61051 | Slime:5  | Received a gift from Okawaru
 61053 | Slime:5  | Gained mutation: You expend magic power (3 MP) to
                  | strengthen your wands. [a shining eye]
 61054 | Slime:5  | Gained mutation: You have large cloven feet. [a shining
                  | eye]
 61135 | Slime:5  | Lost mutation: You have supernaturally acute eyesight.
                  | (SInv) [a shining eye]
 61138 | Slime:5  | Gained mutation: Your body often deteriorates upon taking
                  | damage. [a shining eye]
 61139 | Slime:5  | Gained mutation: You are weak. (Str -2) [a shining eye]
 61456 | Slime:5  | Gained mutation: Your spells are a little easier to cast,
                  | but a little less powerful. [a shining eye]
 61459 | Slime:5  | Gained mutation: You occasionally lose the ability to read
                  | scrolls when taking damage. [a shining eye]
 61460 | Slime:5  | Gained mutation: You are frail. (-10% HP) [a shining eye]
 61461 | Slime:5  | Gained mutation: Your magical capacity is low. (-10% MP) [a
                  | shining eye]
 61586 | Slime:5  | Noticed the Royal Jelly
 61756 | Slime:5  | Killed the Royal Jelly
 61756 | Slime:5  | Received a gift from Okawaru
 61939 | Slime:5  | Identified the ring "Qaimeth" {Fire *Slow rElec Str+4
                  | Int+2}
 62031 | Slime:5  | Got a slimy rune of Zot
 62038 | Slime:5  | Identified the +3 hand axe of Zatyp {drain, *Noise Int+4}
 62132 | Slime:5  | Identified the staff "Widowmaker" {rElec rF- Necro Air
                  | Earth}
 62224 | Slime:5  | Gained mutation: You do not regenerate when monsters are
                  | visible. [a shining eye]
 62307 | Lair:5   | Lost mutation: You expend magic power (3 MP) to strengthen
                  | your wands. [potion of mutation]
 62307 | Lair:5   | Lost mutation: You are weak. (Str -2) [potion of mutation]
 62307 | Lair:5   | Lost mutation: Your flesh is cold resistant. (rC+) [potion
                  | of mutation]
 62307 | Lair:5   | Gained mutation: Your muscles are strong. (Str +4, Int/Dex
                  | -1) [potion of mutation]
 62307 | Lair:5   | Gained mutation: You are very frail. (-20% HP) [potion of
                  | mutation]
 62307 | Lair:5   | Gained mutation: You possess an exceptional clarity of
                  | mind. [potion of mutation]
 62307 | Lair:5   | Gained mutation: You expend magic power (3 MP) to
                  | strengthen your wands. [potion of mutation]
 62308 | Lair:5   | Lost mutation: Your magical capacity is low. (-10% MP)
                  | [potion of mutation]
 62308 | Lair:5   | Lost mutation: You have large cloven feet. [potion of
                  | mutation]
 62308 | Lair:5   | Gained mutation: You are covered in fur. (AC +1) [potion of
                  | mutation]
 62309 | Lair:5   | Lost mutation: Your spells are a little easier to cast, but
                  | a little less powerful. [potion of mutation]
 62309 | Lair:5   | Lost mutation: Your body often deteriorates upon taking
                  | damage. [potion of mutation]
 62310 | Lair:5   | Lost mutation: You are very frail. (-20% HP) [potion of
                  | mutation]
 62310 | Lair:5   | Lost mutation: You occasionally lose the ability to read
                  | scrolls when taking damage. [potion of mutation]
 62310 | Lair:5   | Gained mutation: Your flesh is cold resistant. (rC+)
                  | [potion of mutation]
 62310 | Lair:5   | Gained mutation: You have a pair of small horns on your
                  | head. [potion of mutation]
 62683 | Zot:1    | Entered Level 1 of the Realm of Zot
 62883 | Zot:1    | Reached XP level 26. HP: 79/173 MP: 36/36
 62906 | Zot:1    | Noticed an orb of fire
 62915 | Arena    | Entered the Arena
 62943 | Zot:1    | Gained mutation: Your body often deteriorates upon taking
                  | damage. [an orb of fire]
 62951 | Zot:1    | Gained mutation: You occasionally lose the ability to drink
                  | potions when taking damage. [an orb of fire]
 62959 | Zot:1    | Gained mutation: You are very frail. (-20% HP) [an orb of
                  | fire]
 62960 | Zot:1    | Killed an orb of fire
 62989 | Zot:1    | Received a gift from Okawaru
 63878 | Zot:1    | Received a gift from Okawaru
 65181 | Zot:2    | Noticed an orb of fire
 65182 | Zot:2    | Gained mutation: You are extremely frail. (-30% HP) [an orb
                  | of fire]
 65182 | Zot:2    | Lost mutation: Your muscles are strong. (Str +4, Int/Dex
                  | -1) [an orb of fire]
 65185 | Zot:2    | Gained mutation: You are occasionally teleported next to
                  | monsters. [an orb of fire]
 65190 | Zot:2    | Killed an orb of fire
 65220 | Zot:2    | Lost mutation: Your flesh is cold resistant. (rC+) [potion
                  | of mutation]
 65220 | Zot:2    | Lost mutation: You occasionally lose the ability to drink
                  | potions when taking damage. [potion of mutation]
 65220 | Zot:2    | Gained mutation: You are weak. (Str -2) [potion of
                  | mutation]
 65220 | Zot:2    | Lost mutation: You do not regenerate when monsters are
                  | visible. [potion of mutation]
 65220 | Zot:2    | Gained mutation: You are partially covered in iridescent
                  | scales. (AC +2) [potion of mutation]
 65221 | Zot:2    | Lost mutation: You are extremely frail. (-30% HP) [potion
                  | of mutation]
 65221 | Zot:2    | Lost mutation: You expend magic power (3 MP) to strengthen
                  | your wands. [potion of mutation]
 65221 | Zot:2    | Gained mutation: You have hidden genetic potential. [potion
                  | of mutation]
 65222 | Zot:2    | Lost mutation: You are occasionally teleported next to
                  | monsters. [potion of mutation]
 65222 | Zot:2    | Lost mutation: You are partially covered in iridescent
                  | scales. (AC +2) [potion of mutation]
 65222 | Zot:2    | Lost mutation: You are covered in fur. (AC +1) [potion of
                  | mutation]
 65222 | Zot:2    | Lost mutation: You are very frail. (-20% HP) [potion of
                  | mutation]
 65222 | Zot:2    | Gained mutation: You are agile. (Dex +4, Str/Int -1)
                  | [potion of mutation]
 65680 | D:2      | Bought a potion of haste for 110 gold pieces
 65680 | D:2      | Bought a potion of might for 44 gold pieces
 65680 | D:2      | Bought a potion of resistance for 110 gold pieces
 65680 | D:2      | Bought 2 potions of heal wounds for 110 gold pieces
 66111 | Zot:3    | Received a gift from Okawaru
 66374 | D:12     | You paid a toll of +3 storm dragon scales to enter a
                  | treasure trove
 66375 | Trove    | Entered a treasure trove
 66724 | Zot:3    | Reached skill level 15 in Throwing
 66809 | Zot:3    | Noticed an orb of fire
 66828 | Zot:3    | Killed an orb of fire
 66924 | Zot:3    | Identified the ring of New Discoveries {rPois rF- Int+3
                  | Dex+4}
 67243 | Zot:4    | Reached XP level 27. HP: 179/179 MP: 37/37
 67435 | Zot:5    | Entered Level 5 of the Realm of Zot
 68099 | Zot:5    | Noticed a dread lich
 68112 | Zot:5    | Killed a dread lich
 68112 | Zot:5    | Received a gift from Okawaru
 68204 | Zot:5    | Noticed a dread lich
 68220 | Zot:5    | Killed a dread lich
 68248 | Zot:5    | Noticed an orb of fire
 68248 | Zot:5    | Noticed an orb of fire
 68249 | Zot:5    | Noticed an orb of fire
 68250 | Zot:5    | Gained mutation: Armour fits poorly on your strangely
                  | shaped body. [an orb of fire]
 68469 | Zot:5    | Gained mutation: You are very weak. (Str -4) [an orb of
                  | fire]
 68471 | Zot:5    | Gained mutation: Your spells are a little easier to cast,
                  | but a little less powerful. [an orb of fire]
 68478 | Zot:5    | Killed an orb of fire
 68482 | Zot:5    | Noticed a dread lich
 68485 | Zot:5    | Killed an orb of fire
 68485 | Zot:5    | Paralysed by a dread lich for 4 turns
 68493 | Zot:5    | Killed a dread lich
 68636 | Zot:5    | Noticed a dread lich
 68690 | Zot:5    | Killed a dread lich
 68782 | Zot:5    | Killed an orb of fire
 68839 | Zot:5    | Received a gift from Okawaru
 69419 | Zot:5    | Received a gift from Okawaru
 69430 | Zot:5    | Gained mutation: You are very agile. (Dex +8, Str/Int -2)
                  | [hidden potential]
 70057 | D:10     | Fell from the grace of Okawaru
 70057 | D:10     | Became a worshipper of the Shining One
 70273 | Crypt:1  | Entered Level 1 of the Crypt
 70298 | Crypt:1  | Reached * piety under the Shining One
 70352 | Crypt:1  | Reached ** piety under the Shining One
 70536 | Crypt:1  | Reached *** piety under the Shining One
 70563 | Crypt:1  | Identified the +0 ring mail of Ignis's Indignation {Int+5}
 70690 | Crypt:1  | Found a runed translucent gate.
 70694 | Crypt:1  | Found a runed translucent gate.
 70694 | Crypt:1  | Found a runed translucent gate.
 70694 | Crypt:1  | Reached **** piety under the Shining One
 70936 | Crypt:1  | Reached ***** piety under the Shining One
 71720 | Crypt:2  | Acquired 751 gold pieces
 71778 | Crypt:2  | Reached ****** piety under the Shining One
 72215 | Crypt:3  | Entered Level 3 of the Crypt
 72374 | Crypt:3  | Identified the orb of Fabulous Life {*channel, rCorr Str-4
                  | Dex+3}
 72374 | Crypt:3  | Noticed Frederick
 72383 | Crypt:3  | Killed Frederick
 72424 | Crypt:3  | Noticed Bai Suzhen
 72471 | Crypt:3  | Killed Bai Suzhen
 72726 | Crypt:3  | Found a staircase to the Tomb.
 72786 | Crypt:3  | Found an ancient bone altar of Kikubaaqudgha.
 72786 | Crypt:3  | Noticed an ancient lich
 72796 | Crypt:3  | Killed an ancient lich
 72885 | Crypt:3  | Noticed Xtahua
 72895 | Crypt:3  | Killed Xtahua
 73835 | Pan      | Entered Pandemonium
 73921 | Pan      | Found a white marble altar of Elyvilon.
 74018 | Pan      | Gained mutation: You are partially covered in iridescent
                  | scales. (AC +2) [hidden potential]
 74018 | Pan      | Lost mutation: You have hidden genetic potential. [hidden
                  | potential expressed]
 75206 | Pan      | Identified the +0 tower shield "Veomidgh" {Int+3 Dex+2
                  | Slay+2}
 75313 | Pan      | Found a glowing silver altar of Zin.
 75694 | Pan      | Was forgiven by Okawaru
 76048 | Pan      | Identified the +3 troll leather armour of Hadjma {rF+++
                  | rC+++ Regen+ Str-2 Stlth-}
 76276 | Pan      | Noticed a seraph
 76293 | Pan      | Killed a seraph
 76306 | Pan      | Found a glowing golden altar of the Shining One.
 76322 | Pan      | Got a demonic rune of Zot
 76329 | Pan      | Identified the +1 leather armour "Ujec" {+Blink rElec
                  | Dex+2}
 76330 | Pan      | Identified the +2 kite shield "Vomiacw" {rF+}
 76340 | Pan      | Identified the staff of the Breathing Gods {^Contam rF+
                  | Str+4 Dex+3 Fire Ice}
 76587 | Pan      | Noticed Nocegenk the pandemonium lord
 76614 | Pan      | Killed Nocegenk the pandemonium lord
 76713 | Pan      | Entered the realm of Gloorx Vloq.
 76714 | Pan      | Noticed Gloorx Vloq
 76925 | Pan      | Killed Gloorx Vloq
 76990 | Pan      | Got a dark rune of Zot
 77079 | Pan      | Identified the +6 short sword "Punney" {freeze, Dex+2}
 77092 | Pan      | Entered the realm of Cerebov.
 77113 | Pan      | Identified a +9 eveningstar of holy wrath (a +9 heavy
                  | eveningstar blessed by the Shining One)
 77113 | Pan      | Received a gift from the Shining One
 77236 | Pan      | Found an exit through the horrors of the Abyss.
 77746 | Pan      | Found the +6 sword of Cerebov {flame}
 77746 | Pan      | Noticed Cerebov
 77789 | Pan      | Killed Cerebov
 77891 | Pan      | Got a fiery rune of Zot
 77917 | Pan      | Identified the ring of Moynios {Fire rN+ Stlth+}
 77921 | Pan      | Identified the staff "Ekhaab" {rF++ rC+ SInv Hexes Ice}
 77937 | Pan      | Got Sif Muna's Parchment of Gathered Sciomancy
 77969 | Pan      | Identified the +0 scale mail "Dudi Nio" {Will++ Int+3}
 77972 | Pan      | Got the Tome of the Brumal Map
 77973 | Pan      | Identified the +9 whip of Keageged {holy, ^Contam rPois
                  | rF+++ Int+4}
 78032 | Pan      | Got the Collected Works on Blasted Voltage
 78054 | Pan      | Identified the amulet "Bafum" {Spirit rF- Will+++ Dex+5}
 78167 | Pan      | Entered the realm of Mnoleg.
 78192 | Pan      | Gained mutation: You are very frail. (-20% HP) [a
                  | cacodemon]
 78206 | Pan      | Noticed Mnoleg
 78251 | Pan      | Lost mutation: You are very agile. (Dex +8, Str/Int -2) [a
                  | cacodemon]
 78426 | Pan      | Gained mutation: Your health recovers twice as slowly from
                  | being drained. [a cacodemon]
 78664 | Pan      | Killed Mnoleg
 78785 | Pan      | Gained mutation: You do not regenerate when monsters are
                  | visible. [a cacodemon]
 78803 | Pan      | Gained mutation: Your magical capacity is low. (-10% MP) [a
                  | neqoxec]
 78954 | Pan      | Got a glowing rune of Zot
 79020 | Pan      | Lost mutation: You are partially covered in iridescent
                  | scales. (AC +2) [potion of mutation]
 79020 | Pan      | Lost mutation: Your body often deteriorates upon taking
                  | damage. [potion of mutation]
 79020 | Pan      | Lost mutation: Your spells are a little easier to cast, but
                  | a little less powerful. [potion of mutation]
 79020 | Pan      | Lost mutation: Your body sometimes deteriorates upon taking
                  | damage. [potion of mutation]
 79021 | Pan      | Lost mutation: You are very frail. (-20% HP) [potion of
                  | mutation]
 79021 | Pan      | Lost mutation: You are frail. (-10% HP) [potion of
                  | mutation]
 79021 | Pan      | Lost mutation: You are very weak. (Str -4) [potion of
                  | mutation]
 79021 | Pan      | Gained mutation: You are partially covered in iridescent
                  | scales. (AC +2) [potion of mutation]
 79055 | Pan      | Entered the realm of Lom Lobon.
 80021 | Pan      | Noticed Lom Lobon
 80043 | Pan      | Killed Lom Lobon
 80080 | Pan      | Got a magical rune of Zot
 80636 | Pan      | Found an exit through the horrors of the Abyss.
 81102 | Pan      | Noticed Baisket the pandemonium lord
 81109 | Pan      | Killed Baisket the pandemonium lord
 81280 | Pan      | Found an exit through the horrors of the Abyss.
 81291 | Pan      | Took an exit into the Abyss.
 81291 | Abyss:3  | Escaped into the Abyss
 81294 | Abyss:3  | Found a corrupted altar of Lugonu.
 81314 | Depths:2 | Escaped the Abyss
 81321 | Hell     | Entered the Vestibule of Hell
 81321 | Hell     | Noticed Geryon
 81343 | Hell     | Noticed Murray
 81345 | Hell     | Killed Geryon
 81542 | Hell     | Killed Murray
 81685 | Hell     | Found a gateway to the Iron City of Dis.
 81706 | Hell     | Found a gateway to the freezing wastes of Cocytus.
 81817 | Hell     | Found a gateway to the ashen valley of Gehenna.
 81905 | Hell     | Found a gateway to the decaying netherworld of Tartarus.
 81936 | Geh:1    | Entered Level 1 of Gehenna
 82122 | Geh:2    | Noticed an ancient lich
 82142 | Geh:2    | Killed an ancient lich
 82362 | Geh:3    | Noticed an ancient lich
 82381 | Geh:3    | Killed an ancient lich
 82524 | Geh:4    | Reached skill level 27 in Armour
 82821 | Geh:5    | Noticed an ancient lich
 82851 | Geh:5    | Killed an ancient lich
 83143 | Geh:7    | Entered Level 7 of Gehenna
 83230 | Geh:7    | Reached skill level 1 in Evocations
 83887 | Geh:7    | Identified the ring "Lufigasa" {Will+ Dex+3}
 83945 | Geh:7    | Found the +13 sceptre of Asmodeus
 83945 | Geh:7    | Noticed Asmodeus
 83948 | Geh:7    | Got an obsidian rune of Zot
 83963 | Geh:7    | Killed Asmodeus
 84160 | Geh:7    | Got Total Understanding of Lost Knowledge
 84399 | Coc:1    | Entered Level 1 of Cocytus
 84743 | Coc:3    | Reached skill level 5 in Evocations
 84862 | Coc:4    | Noticed a juggernaut
 84878 | Coc:4    | Killed a juggernaut
 84944 | Coc:4    | Noticed a juggernaut
 84945 | Coc:4    | Noticed a juggernaut
 84959 | Coc:4    | Killed a juggernaut
 84969 | Coc:4    | Noticed a juggernaut
 84982 | Coc:4    | Killed a juggernaut
 84995 | Coc:4    | Killed a juggernaut
 85022 | Coc:4    | Noticed a juggernaut
 85024 | Coc:4    | Noticed a juggernaut
 85065 | Coc:4    | Killed a juggernaut
 85074 | Coc:4    | Killed a juggernaut
 85141 | Coc:4    | Noticed a juggernaut
 85151 | Coc:4    | Killed a juggernaut
 85156 | Coc:4    | Noticed a juggernaut
 85179 | Coc:4    | Killed a juggernaut
 85209 | Coc:4    | Noticed a juggernaut
 85223 | Coc:4    | Killed a juggernaut
 85254 | Coc:4    | Noticed a juggernaut
 85268 | Coc:4    | Killed a juggernaut
 85305 | Coc:5    | Paralysed by a wendigo for 1 turns
 85320 | Coc:5    | Paralysed by a wendigo for 1 turns
 85610 | Coc:6    | Reached skill level 27 in Invocations
 85950 | Coc:7    | Entered Level 7 of Cocytus
 86255 | Coc:7    | Reached skill level 10 in Dodging
 86258 | Coc:7    | Noticed Antaeus
 86267 | Coc:7    | Paralysed by a wendigo for 1 turns
 86317 | Coc:7    | Paralysed by a wendigo for 1 turns
 86354 | Coc:7    | Identified the ring "Olipseon" {rF+ rC+ Int-3 Dex+6 SInv}
 86360 | Coc:7    | Identified the ring of the Moon {rF+ MP+9 Dex+3 Stlth-}
 86453 | Coc:7    | Reached skill level 10 in Evocations
 86827 | Coc:7    | Paralysed by a wendigo for 1 turns
 86895 | Coc:7    | Killed Antaeus
 86903 | Coc:7    | Got an icy rune of Zot
 87012 | Tar:1    | Entered Level 1 of Tartarus
 87730 | Tar:6    | Noticed a dread lich
 87732 | Tar:6    | Killed a dread lich
 87754 | Tar:7    | Entered Level 7 of Tartarus
 88234 | Tar:7    | Identified the +3 dagger "Oboh" {holy, ^Drain rPois rCorr
                  | Stlth+}
 88236 | Tar:7    | Identified the ring of Gypeof {^Contam rPois MP+9 Str+3}
 88652 | Tar:7    | Noticed Ereshkigal
 88670 | Tar:7    | Killed Ereshkigal
 88703 | Tar:7    | Got a bone rune of Zot
 89259 | Spider:4 | Killed dakkaduck's ghost
 89629 | Dis:1    | Entered Level 1 of the Iron City of Dis
 90029 | Dis:4    | Reached skill level 15 in Evocations
 90176 | Dis:4    | Noticed an ancient lich
 90183 | Dis:4    | Killed an ancient lich
 90184 | Dis:4    | Reached skill level 15 in Dodging
 90343 | Dis:6    | Noticed an ancient lich
 90355 | Dis:6    | Killed an ancient lich
 90448 | Dis:7    | Entered Level 7 of the Iron City of Dis
 91871 | Dis:7    | Noticed a juggernaut
 91887 | Dis:7    | Killed a juggernaut
 91911 | Dis:7    | Identified the +6 arbalest of Saltpetre {heavy, rC+ Int+2
                  | Dex-4}
 93266 | Dis:7    | Noticed the Serpent of Hell
 93320 | Dis:7    | Killed the Serpent of Hell
 93819 | Dis:7    | Noticed a juggernaut
 93839 | Dis:7    | Killed a juggernaut
 94239 | Dis:7    | Noticed Dispater
 94260 | Dis:7    | Killed Dispater
 94474 | Dis:7    | Got an iron rune of Zot
 94475 | Dis:7    | Identified the staff of Wyrd {rF+ Will+ Fire Earth}
 95473 | Tomb:1   | Entered Level 1 of the Tomb of the Ancients
 95813 | Tomb:1   | Got Sif Muna's Incunabulum of the Missiles and Misfortune
 95944 | Tomb:1   | Noticed a royal mummy
 95957 | Tomb:1   | Killed a royal mummy
 96230 | Tomb:1   | Noticed a royal mummy
 96244 | Tomb:1   | Killed a royal mummy
 96780 | D:5      | Bought a potion of might for 44 gold pieces
 96780 | D:5      | Bought 2 potions of lignification for 66 gold pieces
 96780 | D:5      | Bought a potion of cancellation for 88 gold pieces
 96780 | D:5      | Bought 2 potions of haste for 220 gold pieces
 97278 | Tomb:2   | Noticed a royal mummy
 97278 | Tomb:2   | Noticed a royal mummy
 97283 | Tomb:2   | Killed a royal mummy
 97285 | Tomb:2   | Killed a royal mummy
 97285 | Tomb:2   | Noticed a royal mummy
 97286 | Tomb:2   | Noticed a royal mummy
 97288 | Tomb:2   | Killed a royal mummy
 97289 | Tomb:2   | Killed a royal mummy
 97842 | Tomb:3   | Entered Level 3 of the Tomb of the Ancients
 97863 | Tomb:3   | Noticed a royal mummy
 97864 | Tomb:3   | Noticed a royal mummy
 97892 | Tomb:3   | Killed a royal mummy
 97896 | Tomb:3   | Identified the +0 morningstar of Punishment {freeze, Fly
                  | rC+ rN+ Str-3}
 97897 | Tomb:3   | Killed a royal mummy
 97900 | Tomb:3   | Noticed a royal mummy
 97903 | Tomb:3   | Noticed a royal mummy
 97908 | Tomb:3   | Killed a royal mummy
 97918 | Tomb:3   | Killed a royal mummy
 97957 | Tomb:3   | Identified the staff of the Twisting Gods {^Drain rElec
                  | rPois SInv Earth}
 97967 | Tomb:3   | Noticed a royal mummy
 97968 | Tomb:3   | Noticed a royal mummy
 97973 | Tomb:3   | Killed a royal mummy
 97975 | Tomb:3   | Noticed a royal mummy
 97976 | Tomb:3   | Noticed a royal mummy
 97979 | Tomb:3   | Killed a royal mummy
 97982 | Tomb:3   | Killed a royal mummy
 97984 | Tomb:3   | Killed a royal mummy
 98083 | Tomb:3   | Identified the staff of Currency {rElec Will+ Air}
 98182 | Tomb:3   | Got a golden rune of Zot
 98941 | Zig:1    | Entered Level 1 of a ziggurat
 98959 | Zig:2    | Entered Level 2 of a ziggurat
 98972 | Zig:2    | Identified the +3 great sword of Conscience {venom, Int+2}
 98976 | Zig:3    | Entered Level 3 of a ziggurat
 99028 | Zig:3    | Lost mutation: You are agile. (Dex +4, Str/Int -1) [potion
                  | of mutation]
 99028 | Zig:3    | Lost mutation: You are partially covered in iridescent
                  | scales. (AC +2) [potion of mutation]
 99028 | Zig:3    | Lost mutation: Your health recovers twice as slowly from
                  | being drained. [potion of mutation]
 99028 | Zig:3    | Lost mutation: Armour fits poorly on your strangely shaped
                  | body. [potion of mutation]
 99028 | Zig:3    | Gained mutation: You have hidden genetic defects. [potion
                  | of mutation]
 99028 | Zig:3    | Lost mutation: You have a pair of small horns on your head.
                  | [potion of mutation]
 99030 | Zig:4    | Entered Level 4 of a ziggurat
 99046 | Zig:4    | Identified the amulet "Jaxon" {Faith Dex+3 SInv}
 99051 | Zig:5    | Entered Level 5 of a ziggurat
 99079 | Zig:5    | Identified the +0 fire dragon scales of the Moon {+Blink
                  | rF++ rC- Regen+ rCorr}
 99084 | Zig:6    | Entered Level 6 of a ziggurat
 99153 | Zig:7    | Entered Level 7 of a ziggurat
 99156 | Zig:7    | Noticed Ireri the pandemonium lord
 99170 | Zig:7    | Killed Ireri the pandemonium lord
 99174 | Zig:7    | Found the +7 great mace "Undeadhunter" {deathbane, rN+}
 99266 | Zig:8    | Entered Level 8 of a ziggurat
 99272 | Zig:8    | Noticed Jeabykloa the pandemonium lord
 99272 | Zig:8    | Noticed Yklyam Fiosk the pandemonium lord
 99284 | Zig:8    | Killed Jeabykloa the pandemonium lord
 99288 | Zig:8    | Killed Yklyam Fiosk the pandemonium lord
 99303 | Zig:8    | Found the +7 sceptre of Torment {pain, torment}
 99320 | Zig:8    | Gained mutation: You are clumsy. (Dex -2) [hidden defects]
 99364 | Zig:8    | Acquired 1020 gold pieces
 99726 | Zot:5    | Got the Orb of Zot
 99931 | Depths:4 | Noticed Moafirph the pandemonium lord
100359 | D:$      | Escaped with the Orb!

Illustrated notes

Levels and vault maps discovered:
D:1:      tarquinn_simple_flora_water_e, layout_loops_ring, serial_shops, shop,
          minmay_misc_feat_tower, fountainhead
D:2:      layout_basic, serial_shops, nicolae_shop_tiny_real_fake_doors,
          nicolae_shop_tiny_waterfront, nicolae_shop_industrial_runoff,
          nicolae_kite_square_tiling_tiny, uniq_natasha
D:3:      layout_basic, nicolae_the_louvre, uniq_robin
D:4:      layout_basic
D:5:      layout_basic, serial_shops, nicolae_shop_hallway_stairs,
          nicolae_shop_rolling_square, nicolae_shop_trees
D:6:      layout_rooms, nicolae_qazlal_style_of_elements, temple_fountains,
          serial_shops, nicolae_shop_drivethru, lemuel_flame_loot_1,
          uniq_crazy_yiuf_cottage
D:7:      layout_rooms
D:8:      layout_basic, mainiacjoe_overflow_cross_hatched,
          nicolae_overflow_squiral, hellmonk_lair_entry_icy,
          serial_co_window_serial, co_window_of_opportunity_a,
          co_window_paths_b, co_window_corner_a, co_window_paths_b,
          co_window_paths_b, co_window_of_opportunity_b, co_window_broadway_b,
          co_window_corner_ca, co_window_of_opportunity_b, co_window_paths_c,
          co_window_sun, co_window_paths_e, glass_columns_b, serial_shops,
          nicolae_shop_tiny_real_fake_doors
D:9:      layout_rooms, kennysheep_mini, kennysheep_little_box, serial_demonic,
          serial_demonic_f, serial_demonic_e, serial_demonic_c,
          serial_demonic_a, serial_demonic_b, serial_demonic_g,
          serial_demonic_b, serial_demonic_f
D:10:     layout_basic, makhleb_altar_promises_db, mainiacjoe_overflow_alcove_1,
          led_xom_imps, uniq_grum, uniq_fannar, uniq_maggie
D:11:     layout_loops_ring, serial_shops, nicolae_stop_n_shop_1
D:12:     minmay_the_grid_triangle_9x9_rhombus_full_mashed
          [minmay_the_grid_triangle_9x9_longest,
          minmay_the_grid_triangle_9x9_steps,
          minmay_the_grid_triangle_9x9_flanged_cone,
          minmay_the_grid_triangle_9x9_pentomino_pain,
          minmay_the_grid_triangle_9x9_empty,
          minmay_the_grid_triangle_9x9_descending_squares,
          minmay_the_grid_triangle_9x9_empty,
          minmay_the_grid_triangle_9x9_prize_special], layout_rooms,
          orc_0_dummy, nicolae_trove_entry_free_sample, serial_shops,
          nicolae_shop_tiny_statue_garden, nicolae_elevator_lobby_plus
D:13:     layout_loops_ring, david_vaults_5, serial_shops, shop,
          nzn_ghost_randoct, serial_bayou_ford_a
D:14:     layout_rooms, nzn_wu_jian_council_hall, kennysheep_windowed_goal
D:15:     grunt_enter_depths_hoard, layout_gridville, serial_rivers,
          chequers_serial_rivers_room_a, chequers_serial_rivers_micro_b,
          chequers_serial_rivers_marsh, chequers_serial_rivers_micro_d,
          chequers_serial_rivers_micro_c, minmay_misc_feat_five
Temple:   nicolae_temple_god_jail
Lair:1:   wander_river, layout_cave_pods, gauntlet_entry_generic
Lair:2:   layout_cave_pods, roderic_batcave, uniq_sonja
Lair:3:   layout_gridlike, mainiacjoe_swamp_entry_lozenge_pond,
          nicolae_spider_entry_lesser_pyramids, lemuel_fruit_tree
Lair:4:   layout_hall_layers, uniq_josephine, uniq_snorg
Lair:5:   evilmike_catoblepas_cave, layout_regular_city, slime_entry_1,
          columned_hall_lemuel, grunt_megastairs_5, infiniplex_staircase_pool_2
Swamp:1:  layout_basic_swamp, evilmike_swamp_ruin_house_1,
          infiniplex_staircase_pool, nicolae_swamp_tree_isthmus, uniq_nikola,
          uniq_kirke, uniq_frances
Swamp:2:  nicolae_swamp_flooded_prison, layout_basic_swamp,
          hangedman_swamp_lotus
Swamp:3:  layout_falls_marsh, nicolae_swamp_bean_lake
Swamp:4:  swamp_alternative, layout_basic_swamp, swamp_pool_1_2,
          hangedman_swamp_cone
Spider:1: layout_spider_delve
Spider:2: lemuel_spider_zombies
Spider:3: layout_spider_delve
Spider:4: hellmonk_spider_rune_endless_swarm, gammafunk_ghost_arena,
          hangedman_stitches_earthworm
Slime:1:  layout_caves, nicolae_slime_phagocytosis
Slime:2:  layout_caves
Slime:3:  layout_caves
Slime:4:  layout_caves, nicolae_slime_getting_an_eyeful
Slime:5:  slime_pit_nicolae_inversion
Orc:1:    layout_diamond_mine
Orc:2:    st_orc_ogre_mass, layout_caves
Elf:1:    layout_geoelf_grid, serial_shops, nicolae_shop_just_a_little_nook,
          shop, nicolae_shop_tiny_waterfront, nicolae_shop_bloodbath_and_beyond,
          shop, hangedman_elf_represent, palyth_stone_intersect
Elf:2:    elven_hall_of_blades_hangedman_alternative
          [nicolae_blade_entry_floor_patterns], layout_loops_cross,
          portal_ice_cave_entry_pillars_three, uniq_azrael
Elf:3:    minmay_elf_hall_quartered_circle, layout_geoelf_castle, serial_sigils,
          serial_sigils_hangedman_etch, serial_sigils_hangedman_scratch,
          serial_sigils_hangedman_gnaw
Vaults:1: ontoclasm_vaults_hangar, st_star, hangedman_vaults_restitches,
          grunt_vaults_diagonal, dpeg_vaults_monster_box,
          nicolae_vaults_closet_pinwheel_4,
          nicolae_vaults_taking_the_gang_shopping, hangedman_vaults_slice,
          nicolae_vaults_ring_of_whatevers, layout_vaults_omnigrid,
          serial_shops, nicolae_square_shop
Vaults:2: st_spiral_rooms, nicolae_vaults_wrenched, grunt_vaults_twisty,
          vaults_room_semicircle, v_misc_27, nicolae_vaults_little_ls,
          ontoclasm_vaults_loading_screen, nicolae_vaults_closet_pinwheel_2,
          layout_vaults_big_room, uniq_norris, uniq_mara, uniq_asterion
Vaults:3: nicolae_vaults_frosty_reception, grunt_vaults_swirl,
          minmay_crypt_entry_necro_gods, nicolae_vaults_apartment_1, v_rooms_2,
          v_pattern_5, v_misc_28, nicolae_vaults_off_center_swirl, v_misc_32,
          nicolae_vaults_oval_intersection, ontoclasm_vaults_decontamination,
          nicolae_vaults_theta, ontoclasm_vaults_idyll, layout_vaults_omnibox,
          uniq_saint_roka
Vaults:4: v_misc_15, nicolae_vaults_three_branches, hangedman_vaults_capsules,
          nicolae_vaults_storage_closets_2, nicolae_vaults_closet_pinwheel_2,
          nicolae_vaults_mush_room, ontoclasm_vaults_shuriken,
          hangedman_vaults_stretched_pinwheel, hangedman_vaults_impose,
          nicolae_vaults_double_plus_2, hangedman_vaults_cutoff,
          nicolae_vaults_trapezoid_2, v_misc_9, layout_vaults_maze_bifur,
          serial_shops, nicolae_shop_advertising_works
          [nicolae_subvault_shop_adworks]
Vaults:5: serial_shops
Crypt:1:  layout_chaotic_city, pandoras_box_mu, grunt_megastairs_1,
          grunt_crypt_arrival_guarded_gate
Crypt:2:  layout_chaotic_city, grunt_megastairs_4,
          roderic_lattice_octagonal_star
Crypt:3:  cryptofortress_bobbens, uniq_bai_suzhen, uniq_frederick, uniq_xtahua,
          uniq_margery
Tomb:1
Tomb:2
Tomb:3
Depths:1: layout_cave_pools, hell_entry, grunt_decor_junction,
          abyss_entry_small_statue_room, gammafunk_ghost_ooze,
          serial_bayou_pond_a, minmay_three_doors
Depths:2: nicolae_hitomezashi [nicolae_hito_row, nicolae_hito_row,
          nicolae_hito_row, nicolae_hito_row, nicolae_hito_row,
          nicolae_hito_row, nicolae_hito_row, nicolae_hito_row,
          nicolae_hito_row, nicolae_hito_row, nicolae_hito_row,
          nicolae_hito_row, nicolae_hito_row, nicolae_hito_row,
          nicolae_hito_row, nicolae_hito_row, nicolae_hito_row,
          nicolae_hito_row], layout_basic, enter_ziggurat_d,
          hangedman_decor_opposing, rand_demon_pan_entry_7, hell_entry
Depths:3: minmay_guarded_unrand_majin_bo, layout_gridlike,
          abyss_entry_flame_altar, serial_shops, nicolae_take_the_stairs,
          lightli_too_deep, grunt_potential, infiniplex_staircase_zigzag_5,
          minmay_shop_star, serial_bayou_shore_b, uniq_parghit, uniq_jory
Depths:4: grunt_zot_entry_pinwheel, layout_cross, reono_crystal_passage,
          abyss_entry, rand_demon_pan_entry_8, hangedman_tar_grid_catacomb,
          nicolae_wooded_promenade, st_stairs_5
Hell
Dis:1:    layout_overlapping_boxes
Dis:2:    layout_gridville
Dis:3:    layout_jigsaw
Dis:4:    layout_gridville, hangedman_dis_chains, nicolae_dis_bowling_alley
Dis:5:    layout_subdivisions
Dis:6:    layout_regular_city
Dis:7:    dis_st
Geh:1:    layout_gehenna_pools_box
Geh:2:    layout_gehenna_pools_basic
Geh:3:    layout_gehenna_pools_box
Geh:4:    layout_gehenna_lava_caves
Geh:5:    layout_gehenna_lava_caves, nicolae_hells_fiendish_ambush
Geh:6:    layout_gehenna_lava_caves
Geh:7:    geh_old
Coc:1:    layout_cocytus_delve, serial_ice, serial_ice_h, serial_ice_b,
          serial_ice_g, serial_ice_a
Coc:2:    layout_cocytus_water_paths
Coc:3:    layout_cocytus_delve
Coc:4:    nicolae_hells_titanomachy
Coc:5:    layout_ice_bergs
Coc:6:    layout_ice_bergs
Coc:7:    coc_dpeg
Tar:1:    layout_honeycomb, evilmike_ambush [evilmike_ambush_outer_pillars,
          evilmike_ambush_inner_wall_2]
Tar:2:    layout_grid_maze
Tar:3:    layout_honeycomb
Tar:4:    nicolae_tar_honey_stairs, layout_cathedral_of_symmetry,
          nicolae_tar_cuneiform_water
Tar:5:    layout_grid_maze, nicolae_tar_grid_combs
Tar:6:    hangedman_restless_catacombs
Tar:7:    tar_old
Zot:1:    lemuel_acid_trip, layout_onion_interference, regret_index_zotdec_ex
Zot:2:    layout_basic, bh_zot_lava_cross, st_stairs_7
Zot:3:    hellmonk_paralyzer, layout_onion
Zot:4:    layout_twisted_circle
Zot:5:    layout_misc_corridors

Skill      XL: |  1  2  3  4  5  6  7  8  9 10 11 12 13 14 15 16 17 18 19 20 21 22 23 24 25 26 27 |
---------------+----------------------------------------------------------------------------------+-----
Throwing       | 2 3 4 5 6 7 8 9 10 11 13 15 20 | 20.0
Fighting       | 3 4 5 6 7 9 10 12 13 15 16 18 19 20 21 22 23 24 25 26 27 | 27.0
Dodging        | 3 4 5 20 | 20.2
Maces & Flails | 4 5 6 7 8 10 11 12 13 14 15 16 18 | 18.3
Armour         | 1 4 6 8 10 11 12 13 15 17 18 19 20 27 | 27.0
Invocations    | 3 6 8 9 10 11 12 13 14 15 17 18 20 27 | 27.0
Shields        | 1 4 7 8 10 11 12 13 14 15 16 18 20 21 23 25 | 25.1
Spellcasting   | 3 5 8 |  8.4
Air Magic      | 2 5 6 8 |  8.6
Translocations | 3 5 6 9 |  9.0
Evocations     | 21 | 21.2

Action                     |  1- 3 |  4- 6 |  7- 9 | 10-12 | 13-15 | 16-18 | 19-21 | 22-24 | 25-27 || total
---------------------------+-------+-------+-------+-------+-------+-------+-------+-------+-------++-------
  Melee: Flail             |   126 |   224 |   239 |       |       |       |       |       |       ||   589
         Unarmed           |       |     1 |       |       |       |       |       |       |       ||     1
         Punch             |       |     3 |     3 |    13 |    19 |    18 |       |       |       ||    56
         Morningstar       |       |       |    87 |   680 |       |       |       |       |       ||   767
         Eveningstar       |       |       |       |     8 |  1295 |  1710 |  1750 |  1852 |  5647 || 12262
         Headbutt          |       |       |       |       |       |       |       |       |  2799 ||  2799
  Throw: Dart              |       |     4 |     9 |     5 |     2 |    10 |     3 |     1 |       ||    34
         Javelin           |       |     1 |       |       |       |     5 |    30 |     7 |    83 ||   126
         Throwing net      |       |     1 |     1 |       |       |       |     2 |     1 |     1 ||     6
   Cast: Apportation       |       |       |       |       |       |       |       |       |     1 ||     1
         Swiftness         |       |       |       |       |       |       |       |       |     1 ||     1
 Invoke: Heroism           |       |       |       |     7 |     6 |     7 |    12 |     9 |     5 ||    46
         Receive Weapon    |       |       |       |     1 |       |       |       |       |       ||     1
         Receive Armour    |       |       |       |     1 |       |       |       |       |       ||     1
         Finesse           |       |       |       |       |     1 |     3 |     2 |     4 |     4 ||    14
         Duel              |       |       |       |       |       |       |       |       |     1 ||     1
         Cleansing Flame   |       |       |       |       |       |       |       |       |   144 ||   144
         Summon Divine War |       |       |       |       |       |       |       |       |    46 ||    46
         Divine Shield     |       |       |       |       |       |       |       |       |    23 ||    23
         Brand Weapon With |       |       |       |       |       |       |       |       |     1 ||     1
  Evoke: Wand              |       |     1 |     1 |     4 |     2 |     7 |     2 |       |    39 ||    56
         Phantom mirror    |       |       |       |       |       |       |       |       |     1 ||     1
    Use: Scroll            |       |     1 |     4 |     9 |     4 |    17 |    15 |    15 |    55 ||   120
         Potion            |       |       |       |     1 |       |     2 |     5 |    10 |    38 ||    56
   Stab: Held in net/web   |       |       |     2 |       |       |       |     2 |       |       ||     4
         Distracted        |       |       |       |     1 |       |       |       |       |       ||     1
         Invisible         |       |       |       |       |       |       |     3 |       |       ||     3
 Armour: Leather armour    |    67 |    47 |       |       |       |       |       |       |       ||   114
         Skin              |       |     4 |       |       |       |       |       |       |       ||     4
         Ring mail         |       |    53 |    94 |       |       |       |       |       |       ||   147
         Steam dragon scal |       |       |    80 |   442 |       |       |       |       |       ||   522
         Robe              |       |       |       |     8 |       |       |       |       |       ||     8
         Pearl dragon scal |       |       |       |     4 |   812 |  1304 |   578 |   305 |       ||  3003
         Scale mail        |       |       |       |       |       |       |   280 |       |       ||   280
         Gold dragon scale |       |       |       |       |       |       |       |   715 |  2148 ||  2863
  Dodge: Dodged            |    94 |   183 |   302 |   743 |  1092 |  1596 |   786 |   558 |  1245 ||  6599
  Block: Buckler           |       |       |       |       |       |   431 |   328 |    46 |       ||   805
         Kite shield       |       |       |       |       |       |       |   595 |  1132 |       ||  1727
         Reflection        |       |       |       |       |       |       |    40 |    17 |       ||    57
         Tower shield      |       |       |       |       |       |       |       |   212 |  6245 ||  6457
Riposte: Eveningstar       |       |       |       |       |       |       |       |   355 |  2066 ||  2421
